Workbook
Name Cinco: Listas2!$E$17:$E$17
Name Dois: Listas2!$B$17:$B$18
Name Motor: OFFSET(Listas2!$A$4,1,MATCH(Veic.Leves!$A:$A,Partida,0),COUNTA(INDEX(Status,,MATCH(Veic.Leves!$A:$A,Partida,0))))
Name Não: Listas2!$C$5:$C$12
Name Nao_Testado: Listas2!$D$5
Name Quatro: Listas2!$D$17:$D$18
Name Sim: Listas2!$B$5:$B$7
Name Três: Listas2!$C$17:$C$18

Sheet gestor
A1: ProdutoTitulo | B1: ProdutoDescricao | C1: ProdutoEndereco | D1: ProdutoNumero | E1: ProdutoSubLote | F1: ProdutoQuantidade | G1: ProdutoMedida | H1: ProdutoReferencia | I1: ProdutoProjeto | J1: ProdutoAvaliacao | K1: ProdutoInicial | L1: ProdutoReserva | M1: ProdutoValorVendedor | N1: ProdutoIncremento | O1: VeiculoDebitos | P1: VeiculoProprietario | Q1: VeiculoRestricoes | R1: Comitente | S1: Referencia / Compartilhado | T1: Referencia / Ativo-Frota | U1: Débitos (Responsabilidade) | V1: Estadia e Remoção (Frase) | W1: Taxas/Encargos Adm (Frase) | X1: Estadia | Y1: Remoção | Z1: Buyers: % e (por extenso) - LEILÃO | AA1: Buyers: % e (por extenso) - VENDA DIRETA | AB1: Status | AC1: Alteração/Adicional | AD1: Pendencias / Obs do Status | AE1: Regra Cores (Restrições) | AF1: Regra Cores (Pendências/Retirado) | AG1: Regra Cores (Pendências/Stand-by) | AH1: Regra Cores (Adicional) | AI1: Regra Cores (Alteração) | AJ1: Regra Cores (Restrito/Grupo de Oferta) | AK1: Tabela Molicar - Valor | AL1: Tabela Molicar - Ano/mês (referência) | AM1: Tabela Fipe - Valor | AN1: Tabela Fipe - Ano/mês (referência)
A2: =Veic.Leves!F3 -> , , PL.: , CH.: | B2: ="" &IF(Veic.Leves!E3="","","Referência Local: "&Veic.Leves!E3) &IF(Veic.Leves!Q3="","","<br>Marca: "&Veic.Leves!Q3) &IF(Veic.Leves!R3="","","<br>Modelo: "&Veic.Leves!R3) &IF(Veic.Leves!S3="","","<br>Ano Fab/Modelo: "&Veic.Leves!S3) &IF(Veic.Leves!T3="","","<br>Placa: "&Veic.Leves!T3) &IF(Veic.Leves!AD3="","","<br>Quilometragem acima de: "&Veic.Leves!AD3) &IF(Veic.Leves!AE3="","","<br>Obs da quilometragem: "&Veic.Leves!AE3) &IF(Veic.Leves!W3="","","<br>Cor: "&Veic.Leves!W3) &IF(Veic.Leves!X3="","","<br>Combustível: "&Veic.Leves!X3) &IF(Veic.Leves!U3="","","<br>Chassi: "&TRIM(Veic.Leves!U3)) &IF(AND(Veic.Leves!AC3="", Veic.Leves!AG3="", Veic.Leves!AH3="", Veic.Leves!AI3="", Veic.Leves!AJ3="", Veic.Leves!AK3="", Veic.Leves!AL3="", Veic.Leves!AM3=""),"","<br><br>Acessórios<br>") &IF(Veic.Leves!AC3="","","<br>Nº de Portas: "&Veic.Leves!AC3) &IF(Veic.Leves!AG3="","","<br>Câmbio: "&Veic.Leves!AG3) &IF(Veic.Leves!AH3="","","<br>Direção: "&Veic.Leves!AH3) &IF(Veic.Leves!AI3="","","<br>Ar condicionado: "&Veic.Leves!AI3) &IF(Veic.Leves!AJ3="","","<br>Vidros: "&Veic.Leves!AJ3) &IF(Veic.Leves!AK3="","","<br>Rodas: "&Veic.Leves!AK3) &IF(Veic.Leves!AL3="","","<br>Bancos: "&Veic.Leves!AL3) &IF(Veic.Leves!AM3="","","<br>Aparelho de Som: "&Veic.Leves!AM3) &IF(AND(Veic.Leves!AF3="",Veic.Leves!AN3="", Veic.Leves!AO3="", Veic.Leves!AP3="", Veic.Leves!AQ3=""),"","<br><br>Condições Gerais<br>") &IF(Veic.Leves!AF3="","","<br>Motor: "&Veic.Leves!AF3) &IF(Veic.Leves!AN3="","","<br>Pintura: "&Veic.Leves!AN3) &IF(Veic.Leves!AO3="","","<br>Lataria: "&Veic.Leves!AO3) &IF(Veic.Leves!AP3="","","<br>Tapeçaria: "&Veic.Leves!AP3) &IF(Veic.Leves!AQ3="","","<br>Pneus: "&Veic.Leves!AQ3) &IF(Veic.Leves!AR3="","<br><br>","<br><br>Observações: <br><br>" &SUBSTITUTE(Veic.Leves!AR3,CHAR(10),"<br>") & "<br><br>") &IF(U2="Comprador",MID(Listas!$E$71,1,262)&IF(U2="Comprador",TEXT(O2,"R$0.0,00"))&MID(Listas!$E$71,263,114),"<br><br>") &IF(U2="Vendedor",MID(Listas!$F$72,1,297),"") &IF(V2="Sim",MID(Listas!$I$71,1,123),"") &IF(Z2=0,"",MID(Listas!$G$71,1,231)&Z2&MID(Listas!$G$71,232,59)&"<br><br>") &IF(AA2=0,"",MID(Listas!$H$71,1,156)&AA2&MID(Listas!$H$71,157,189)&"<br><br>") &IF(W2="Sim",Listas!$J$71,"") -> <br><br><br><br> | C2: =IF(Veic.Leves!Y3="",CONCATENATE(Veic.Leves!Z3,", ",Veic.Leves!AA3),Veic.Leves!Y3) -> , | D2: =Veic.Leves!A3 -> 0 | F2: =IF(ISBLANK(G2),1,"CONSTA UNIDADE MÉTRICA? RETIRAR OU INSERIR O FATOR MULTIPLICATIVO") -> 1 | H2: =Veic.Leves!C3 -> 0 | I2: =Veic.Leves!D3 -> 0 | J2: =Veic.Leves!I3 -> 0 | K2: =Veic.Leves!G3 -> 0 | L2: =IF(Veic.Leves!H3="",999999999999,Veic.Leves!H3) -> 999999999999 | M2: =Veic.Leves!AX3 -> 0 | N2: =Veic.Leves!J3 -> 0 | O2: =Veic.Leves!O3 -> 0 | P2: =Veic.Leves!M3 -> 0 | Q2: =Veic.Leves!N3 -> 0 | T2: =Veic.Leves!E3 -> 0 | U2: =Veic.Leves!AU3 -> 0 | V2: =Veic.Leves!AY3 -> 0 | W2: =Veic.Leves!AZ3 -> 0 | Z2: =Veic.Leves!BA3 -> 0 | AA2: =Veic.Leves!BB3 -> 0 | AB2: =Veic.Leves!B3 -> 0 | AC2: =Veic.Leves!AV3 -> 0 | AD2: =Veic.Leves!AT3 -> 0 | AE2: =LOOKUP(2^15,SEARCH(Listas!$L$39:$L$68,Q2),Listas!$L$39:$L$68) -> #N/A | AF2: =LOOKUP(2^15,SEARCH(Listas!$M$39:$M$43,AD2),Listas!$M$39:$M$43) -> #N/A | AG2: =LOOKUP(2^15,SEARCH(Listas!$N$39:$N$42,AD2),Listas!$N$39:$N$42) -> #N/A | AH2: =LOOKUP(2^15,SEARCH(Listas!$P$39:$P$44,AC2),Listas!$P$39:$P$44) -> #N/A | AI2: =LOOKUP(2^15,SEARCH(Listas!$O$39:$O$53,AC2),Listas!$O$39:$O$53) -> #N/A | AJ2: =LOOKUP(2^15,SEARCH(Listas!$R$39:$R$43,AD2),Listas!$R$39:$R$43) -> #N/A | AK2: =Veic.Leves!K3 -> 0 | AM2: =Veic.Leves!L3 -> 0
A4: ='Camin.'!F3 -> , , PL.: , CH.: | B4: ="" &IF('Camin.'!E3="","","Referência Local: "&'Camin.'!E3) &IF('Camin.'!AC3="","","<br>"&'Camin.'!AC3) &IF('Camin.'!Q3="","","<br>Marca: "&'Camin.'!Q3) &IF('Camin.'!R3="","","<br>Modelo: "&'Camin.'!R3) &IF('Camin.'!S3="","","<br>Ano Fab/Modelo: "&'Camin.'!S3) &IF('Camin.'!T3="","","<br>Placa: "&'Camin.'!T3) &IF('Camin.'!AD3="","","<br>Quilometragem acima de: "&'Camin.'!AD3) &IF('Camin.'!AE3="","","<br>Obs da quilometragem: "&'Camin.'!AE3) &IF('Camin.'!W3="","","<br>Cor: "&'Camin.'!W3) &IF('Camin.'!X3="","","<br>Combustível: "&'Camin.'!X3) &IF('Camin.'!U3="","","<br>Chassi: "&TRIM('Camin.'!U3))&"<br>" &IF('Camin.'!AF3="","","<br>Eixos: "&'Camin.'!AF3) &IF('Camin.'!AG3="","","<br>Tração: "&'Camin.'!AG3) &IF('Camin.'!AH3="","","<br>Carroceria: "&'Camin.'!AH3) &IF('Camin.'!AI3="","","<br>Cardan: "&'Camin.'!AI3) &IF('Camin.'!AJ3="","","<br>Diferencial: "&'Camin.'!AJ3) &IF('Camin.'!AL3="","","<br>Câmbio: "&'Camin.'!AL3) &IF('Camin.'!AK3="","","<br>Motor: "&'Camin.'!AK3) &IF('Camin.'!AP3="","","<br>Bancos: "&'Camin.'!AP3) &IF(AND('Camin.'!AN3="", 'Camin.'!AO3="", 'Camin.'!AM3="", 'Camin.'!AQ3="", 'Camin.'!AR3=""),"","<br><br>Condições Gerais<br>") &IF('Camin.'!AN3="","","<br>Pintura: "&'Camin.'!AN3) &IF('Camin.'!AO3="","","<br>Lataria: "&'Camin.'!AO3) &IF('Camin.'!AM3="","","<br>Tapeçaria/Forração: "&'Camin.'!AM3) &IF('Camin.'!AQ3="","","<br>Qtd. de Pneus: "&'Camin.'!AQ3) &IF('Camin.'!AR3="","","<br>Estado dos Pneus: "&'Camin.'!AR3) &IF('Camin.'!AS3="","<br><br>","<br><br>Observações: <br><br>"&SUBSTITUTE('Camin.'!AS3,CHAR(10),"<br>") &"<br><br>") &IF(U4="Comprador",MID(Listas!$E$71,1,266)&IF(U4="Comprador",TEXT(O4,"R$0.0,00"))&MID(Listas!$E$71,267,114),"<br><br>") &IF(U4="Vendedor",MID(Listas!$F$72,1,297),"") &IF(V4="Sim",MID(Listas!$I$71,1,123),"") &IF(Z4=0,"",MID(Listas!$G$71,1,231)&Z4&MID(Listas!$G$71,232,59)&"<br><br>") &IF(AA4=0,"",MID(Listas!$H$71,1,156)&AA4&MID(Listas!$H$71,157,189)&"<br><br>") &IF(W4="Sim",Listas!$J$71,"") -> <br><br><br><br><br> | C4: =IF('Camin.'!Y3="",CONCATENATE('Camin.'!Z3,", ",'Camin.'!AA3),'Camin.'!Y3) -> , | D4: ='Camin.'!A3 -> 0 | F4: =IF(ISBLANK(G4),1,"CONSTA UNIDADE MÉTRICA? RETIRAR OU INSERIR O FATOR MULTIPLICATIVO") -> 1 | H4: ='Camin.'!C3 -> 0 | I4: ='Camin.'!D3 -> 0 | J4: ='Camin.'!I3 -> 0 | K4: ='Camin.'!G3 -> 0 | L4: =IF('Camin.'!H3="",999999999999,'Camin.'!H3) -> 999999999999 | M4: ='Camin.'!AY3 -> 0 | N4: ='Camin.'!J3 -> 0 | O4: ='Camin.'!O3 -> 0 | P4: ='Camin.'!M3 -> 0 | Q4: ='Camin.'!N3 -> 0 | T4: ='Camin.'!E3 -> 0 | U4: ='Camin.'!AV3 -> 0 | V4: ='Camin.'!AZ3 -> 0 | W4: ='Camin.'!BA3 -> 0 | Z4: ='Camin.'!BB3 -> 0 | AA4: ='Camin.'!BC3 -> 0 | AB4: ='Camin.'!B3 -> 0 | AC4: ='Camin.'!AW3 -> 0 | AD4: ='Camin.'!AU3 -> 0 | AE4: =LOOKUP(2^15,SEARCH(Listas!$L$39:$L$68,Q4),Listas!$L$39:$L$68) -> #N/A | AF4: =LOOKUP(2^15,SEARCH(Listas!$M$39:$M$43,AD4),Listas!$M$39:$M$43) -> #N/A | AG4: =LOOKUP(2^15,SEARCH(Listas!$N$39:$N$42,AD4),Listas!$N$39:$N$42) -> #N/A | AH4: =LOOKUP(2^15,SEARCH(Listas!$P$39:$P$44,AC4),Listas!$P$39:$P$44) -> #N/A | AI4: =LOOKUP(2^15,SEARCH(Listas!$O$39:$O$53,AC4),Listas!$O$39:$O$53) -> #N/A | AJ4: =LOOKUP(2^15,SEARCH(Listas!$R$39:$R$43,AD4),Listas!$R$39:$R$43) -> #N/A | AK4: ='Camin.'!K3 -> 0 | AM4: ='Camin.'!L3 -> 0
A6: =Ônib.!F3 -> , , PL.: , CH.: | B6: ="" &IF(Ônib.!E3="","","Referência Local: "&Ônib.!E3) &IF(Ônib.!AC3="","","<br>"&Ônib.!AC3) &IF(Ônib.!Q3="","","<br>Marca: "&Ônib.!Q3) &IF(Ônib.!R3="","","<br>Modelo: "&Ônib.!R3) &IF(Ônib.!S3="","","<br>Ano Fab/Modelo: "&Ônib.!S3) &IF(Ônib.!T3="","","<br>Placa: "&Ônib.!T3) &IF(Ônib.!AD3="","","<br>Quilometragem acima de: "&Ônib.!AD3) &IF(Ônib.!AE3="","","<br>Obs da quilometragem: "&Ônib.!AE3) &IF(Ônib.!W3="","","<br>Cor: "&Ônib.!W3) &IF(Ônib.!X3="","","<br>Combustível: "&Ônib.!X3) &IF(Ônib.!U3="","","<br>Chassi: "&TRIM(Ônib.!U3)) &IF(Ônib.!AG3="","","<br>Câmbio: "&Ônib.!AG3) &IF(Ônib.!AF3="","","<br>Motor: "&Ônib.!AF3) &IF(Ônib.!AJ3="","","<br>Bancos: "&Ônib.!AJ3) &IF(Ônib.!AN3="","","<br>Urbano ou Rodoviário: "&Ônib.!AN3) &IF(Ônib.!AO3="","","<br>Quantidade de Lugares: "&Ônib.!AO3) &IF(AND(Ônib.!AH3="", Ônib.!AI3="", Ônib.!AK3="", Ônib.!AL3="", Ônib.!AM3=""),"","<br><br>Condições Gerais<br>") &IF(Ônib.!AH3="","","<br>Pintura: "&Ônib.!AH3) &IF(Ônib.!AI3="","","<br>Lataria: "&Ônib.!AI3) &IF(Ônib.!AK3="","","<br>Tapeçaria: "&Ônib.!AK3) &IF(Ônib.!AL3="","","<br>Qtd. de Pneus: "&Ônib.!AL3) &IF(Ônib.!AM3="","","<br>Estado dos Pneus: "&Ônib.!AM3) &IF(Ônib.!AP3="","<br><br>","<br><br>Observações:<br><br>"&SUBSTITUTE(Ônib.!AP3,CHAR(10),"<br>") & "<br><br>") &IF(U6="Comprador",MID(Listas!$E$71,1,266)&IF(U6="Comprador",TEXT(O6,"R$0.0,00"))&MID(Listas!$E$71,267,114),"<br><br>") &IF(U6="Vendedor",MID(Listas!$F$72,1,297),"") &IF(V6="Sim",MID(Listas!$I$71,1,123),"") &IF(Z6=0,"",MID(Listas!$G$71,1,231)&Z6&MID(Listas!$G$71,232,59)&"<br><br>") &IF(AA6=0,"",MID(Listas!$H$71,1,156)&AA6&MID(Listas!$H$71,157,189)&"<br><br>") &IF(W6="Sim",Listas!$J$71,"") -> <br><br><br><br> | C6: =IF(Ônib.!Y3="",CONCATENATE(Ônib.!Z3,", ",Ônib.!AA3),Ônib.!Y3) -> , | D6: =Ônib.!A3 -> 0 | F6: =IF(ISBLANK(G6),1,"CONSTA UNIDADE MÉTRICA? RETIRAR OU INSERIR O FATOR MULTIPLICATIVO") -> 1 | H6: =Ônib.!C3 -> 0 | I6: =Ônib.!D3 -> 0 | J6: =Ônib.!I3 -> 0 | K6: =Ônib.!G3 -> 0 | L6: =IF(Ônib.!H3="",999999999999,Ônib.!H3) -> 999999999999 | M6: =Ônib.!AV3 -> 0 | N6: =Ônib.!J3 -> 0 | O6: =Ônib.!O3 -> 0 | P6: =Ônib.!M3 -> 0 | Q6: =Ônib.!N3 -> 0 | T6: =Ônib.!E3 -> 0 | U6: =Ônib.!AS3 -> 0 | V6: =Ônib.!AW3 -> 0 | W6: =Ônib.!AX3 -> 0 | Z6: =Ônib.!AY3 -> 0 | AA6: =Ônib.!AZ3 -> 0 | AB6: =Ônib.!B3 -> 0 | AC6: =Ônib.!AT3 -> 0 | AD6: =Ônib.!AR3 -> 0 | AE6: =LOOKUP(2^15,SEARCH(Listas!$L$39:$L$68,Q6),Listas!$L$39:$L$68) -> #N/A | AF6: =LOOKUP(2^15,SEARCH(Listas!$M$39:$M$43,AD6),Listas!$M$39:$M$43) -> #N/A | AG6: =LOOKUP(2^15,SEARCH(Listas!$N$39:$N$42,AD6),Listas!$N$39:$N$42) -> #N/A | AH6: =LOOKUP(2^15,SEARCH(Listas!$P$39:$P$44,AC6),Listas!$P$39:$P$44) -> #N/A | AI6: =LOOKUP(2^15,SEARCH(Listas!$O$39:$O$53,AC6),Listas!$O$39:$O$53) -> #N/A | AJ6: =LOOKUP(2^15,SEARCH(Listas!$R$39:$R$43,AD6),Listas!$R$39:$R$43) -> #N/A | AK6: =Ônib.!K3 -> 0 | AM6: =Ônib.!L3 -> 0
A8: =Semirreb.Reb!F3 -> , , PL.: , CH.: | B8: ="" &IF(Semirreb.Reb!E3="","","Referência Local: "&Semirreb.Reb!E3) &IF(Semirreb.Reb!AA3="","","<br>"&Semirreb.Reb!AA3) &IF(Semirreb.Reb!O3="","","<br>Marca: "&Semirreb.Reb!O3) &IF(Semirreb.Reb!P3="","","<br>Modelo: "&Semirreb.Reb!P3) &IF(Semirreb.Reb!Q3="","","<br>Ano Fab/Modelo: "&Semirreb.Reb!Q3) &IF(Semirreb.Reb!R3="","","<br>Placa: "&Semirreb.Reb!R3) &IF(Semirreb.Reb!S3="","","<br>Chassi: "&TRIM(Semirreb.Reb!S3)) &IF(AND(Semirreb.Reb!AB3="", Semirreb.Reb!AE3="", Semirreb.Reb!AF3="", Semirreb.Reb!AG3=""),"","<br>") &IF(Semirreb.Reb!AB3="","","<br>Eixos: "&Semirreb.Reb!AB3) &IF(Semirreb.Reb!AC3="","","<br>Carroceria: "&Semirreb.Reb!AC3) &IF(Semirreb.Reb!AD3="","","<br>Medidas: "&Semirreb.Reb!AD3) &IF(Semirreb.Reb!AE3="","","<br>Lataria/Pintura: "&Semirreb.Reb!AE3) &IF(Semirreb.Reb!AF3="","","<br>Qtd. de Pneus: "&Semirreb.Reb!AF3) &IF(Semirreb.Reb!AG3="","","<br>Estado dos Pneus: "&Semirreb.Reb!AG3) &IF(Semirreb.Reb!AH3="","<br><br>","<br><br>Observações: <br><br>"&SUBSTITUTE(Semirreb.Reb!AH3, CHAR(10), "<br>") &"<br><br>") &IF(U8="Comprador",MID(Listas!$E$71,1,266)&IF(U8="Comprador",TEXT(O8,"R$0.0,00"))&MID(Listas!$E$71,267,114),"<br><br>") &IF(U8="Vendedor",MID(Listas!$F$72,1,297),"") &IF(V8="Sim",MID(Listas!$I$71,1,123),"") &IF(Z8=0,"",MID(Listas!$G$71,1,231)&Z8&MID(Listas!$G$71,232,59)&"<br><br>") &IF(AA8=0,"",MID(Listas!$H$71,1,156)&AA8&MID(Listas!$H$71,157,189)&"<br><br>") &IF(W8="Sim",Listas!$J$71,"") -> <br><br><br><br> | C8: =IF(Semirreb.Reb!W3="",CONCATENATE(Semirreb.Reb!X3,", ",Semirreb.Reb!Y3),Semirreb.Reb!W3) -> , | D8: =Semirreb.Reb!A3 -> 0 | F8: =IF(ISBLANK(G8),1,"CONSTA UNIDADE MÉTRICA? RETIRAR OU INSERIR O FATOR MULTIPLICATIVO") -> 1 | H8: =Semirreb.Reb!C3 -> 0 | I8: =Semirreb.Reb!D3 -> 0 | J8: =Semirreb.Reb!I3 -> 0 | K8: =Semirreb.Reb!G3 -> 0 | L8: =IF(Semirreb.Reb!H3="",999999999999,Semirreb.Reb!H3) -> 999999999999 | M8: =Semirreb.Reb!AN3 -> 0 | N8: =Semirreb.Reb!J3 -> 0 | O8: =Semirreb.Reb!M3 -> 0 | P8: =Semirreb.Reb!K3 -> 0 | Q8: =Semirreb.Reb!L3 -> 0 | T8: =Semirreb.Reb!E3 -> 0 | U8: =Semirreb.Reb!AK3 -> 0 | V8: =Semirreb.Reb!AO3 -> 0 | W8: =Semirreb.Reb!AP3 -> 0 | Z8: =Semirreb.Reb!AQ3 -> 0 | AA8: =Semirreb.Reb!AR3 -> 0 | AB8: =Semirreb.Reb!B3 -> 0 | AC8: =Semirreb.Reb!AL3 -> 0 | AD8: =Semirreb.Reb!AJ3 -> 0 | AE8: =LOOKUP(2^15,SEARCH(Listas!$L$39:$L$68,Q8),Listas!$L$39:$L$68) -> #N/A | AF8: =LOOKUP(2^15,SEARCH(Listas!$M$39:$M$43,AD8),Listas!$M$39:$M$43) -> #N/A | AG8: =LOOKUP(2^15,SEARCH(Listas!$N$39:$N$42,AD8),Listas!$N$39:$N$42) -> #N/A | AH8: =LOOKUP(2^15,SEARCH(Listas!$P$39:$P$44,AC8),Listas!$P$39:$P$44) -> #N/A | AI8: =LOOKUP(2^15,SEARCH(Listas!$O$39:$O$53,AC8),Listas!$O$39:$O$53) -> #N/A | AJ8: =LOOKUP(2^15,SEARCH(Listas!$R$39:$R$43,AD8),Listas!$R$39:$R$43) -> #N/A
A10: =Motos!F3 -> , , PL.: , CH.: | B10: ="" &IF(Motos!E3="","","Referência Local: "&Motos!E3) &IF(Motos!Q3="","","<br>Marca: "&Motos!Q3) &IF(Motos!R3="","","<br>Modelo: "&Motos!R3) &IF(Motos!S3="","","<br>Ano Fab/Modelo: "&Motos!S3) &IF(Motos!T3="","","<br>Placa: "&Motos!T3) &IF(Motos!AC3="","","<br>Quilometragem acima de: "&Motos!AC3) &IF(Motos!AD3="","","<br>Obs da quilometragem: "&Motos!AD3) &IF(Motos!W3="","","<br>Cor: "&Motos!W3) &IF(Motos!X3="","","<br>Combustível: "&Motos!X3) &IF(Motos!U3="","","<br>Chassi: "&TRIM(Motos!U3)) &IF(Motos!AE3="","","<br>Motor: "&Motos!AE3) &IF(Motos!AJ3="","","<br>Bancos: "&Motos!AJ3) &IF(Motos!AF3="","","<br>Partida elétrica: "&Motos!AF3) &IF(Motos!AG3="","","<br>Freio a Disco: "&Motos!AG3) &IF(AND( Motos!AH3="", Motos!AI3="", Motos!AK3=""),"","<br><br>Condições Gerais<br>") &IF(Motos!AH3="","","<br>Pintura: "&Motos!AH3) &IF(Motos!AI3="","","<br>Lataria: "&Motos!AI3) &IF(Motos!AK3="","","<br>Pneus: "&Motos!AK3) &IF(Motos!AL3="","<br><br>","<br><br>Observações:<br><br>"&SUBSTITUTE(Motos!AL3,CHAR(10),"<br>" )&"<br><br>") &IF(U10="Comprador",MID(Listas!$E$71,1,266)&IF(U10="Comprador",TEXT(O10,"R$0.0,00"))&MID(Listas!$E$71,267,114),"<br><br>") &IF(U10="Vendedor",MID(Listas!$F$72,1,297),"") &IF(V10="Sim",MID(Listas!$I$71,1,123),"") &IF(Z10=0,"",MID(Listas!$G$71,1,231)&Z10&MID(Listas!$G$71,232,59)&"<br><br>") &IF(AA10=0,"",MID(Listas!$H$71,1,156)&AA10&MID(Listas!$H$71,157,189)&"<br><br>") &IF(W10="Sim",Listas!$J$71,"") -> <br><br><br><br> | C10: =IF(Motos!Y3="",CONCATENATE(Motos!Z3,", ",Motos!AA3),Motos!Y3) -> , | D10: =Motos!A3 -> 0 | F10: =IF(ISBLANK(G10),1,"CONSTA UNIDADE MÉTRICA? RETIRAR OU INSERIR O FATOR MULTIPLICATIVO") -> 1 | H10: =Motos!C3 -> 0 | I10: =Motos!D3 -> 0 | J10: =Motos!I3 -> 0 | K10: =Motos!G3 -> 0 | L10: =IF(Motos!H3="",999999999999,Motos!H3) -> 999999999999 | M10: =Motos!AR3 -> 0 | N10: =Motos!J3 -> 0 | O10: =Motos!O3 -> 0 | P10: =Motos!M3 -> 0 | Q10: =Motos!N3 -> 0 | T10: =Motos!E3 -> 0 | U10: =Motos!AO3 -> 0 | V10: =Motos!AS3 -> 0 | W10: =Motos!AT3 -> 0 | Z10: =Motos!AU3 -> 0 | AA10: =Motos!AV3 -> 0 | AB10: =Motos!B3 -> 0 | AC10: =Motos!AP3 -> 0 | AD10: =Motos!AN3 -> 0 | AE10: =LOOKUP(2^15,SEARCH(Listas!$L$39:$L$68,Q10),Listas!$L$39:$L$68) -> #N/A | AF10: =LOOKUP(2^15,SEARCH(Listas!$M$39:$M$43,AD10),Listas!$M$39:$M$43) -> #N/A | AG10: =LOOKUP(2^15,SEARCH(Listas!$N$39:$N$42,AD10),Listas!$N$39:$N$42) -> #N/A | AH10: =LOOKUP(2^15,SEARCH(Listas!$P$39:$P$44,AC10),Listas!$P$39:$P$44) -> #N/A | AI10: =LOOKUP(2^15,SEARCH(Listas!$O$39:$O$53,AC10),Listas!$O$39:$O$53) -> #N/A | AJ10: =LOOKUP(2^15,SEARCH(Listas!$R$39:$R$43,AD10),Listas!$R$39:$R$43) -> #N/A | AK10: =Motos!K3 -> 0 | AM10: =Motos!L3 -> 0
A12: ='Máq.Pes.'!F3 -> , SÉRIE: NÃO IDENTIFICADO | B12: ="" &IF('Máq.Pes.'!E3="","","Referência Local: "&'Máq.Pes.'!E3) &IF('Máq.Pes.'!Z3="","","<br>Nº do ativo: "&'Máq.Pes.'!Z3) &"<br>" &IF('Máq.Pes.'!O3="","","<br>"&'Máq.Pes.'!O3) &IF('Máq.Pes.'!P3="","","<br>Marca: "&'Máq.Pes.'!P3) &IF('Máq.Pes.'!Q3="","","<br>Modelo: "&'Máq.Pes.'!Q3) &IF('Máq.Pes.'!R3="","","<br>Ano: "&'Máq.Pes.'!R3) &IF('Máq.Pes.'!X3="","","<br>Capacidade: "&'Máq.Pes.'!X3) &IF('Máq.Pes.'!S3="","<br>Série: NÃO IDENTIFICADO","<br>Série: "&'Máq.Pes.'!S3) &IF('Máq.Pes.'!T3="","","<br>Horímetro: "&'Máq.Pes.'!T3) &IF('Máq.Pes.'!Y3="","","<br>Combustível: "&'Máq.Pes.'!Y3) &IF('Máq.Pes.'!W3="","","<br>Tração: "&'Máq.Pes.'!W3) &IF(OR('Máq.Pes.'!U3="Não Testado",'Máq.Pes.'!U3=""),"", "<br>Mecânica/Motor: "&'Máq.Pes.'!U3) &IF('Máq.Pes.'!V3="","","<br>Pneus (Quantidade/Estado): "&'Máq.Pes.'!V3) &IF('Máq.Pes.'!AA3="","<br><br>","<br><br>Observações: "&SUBSTITUTE('Máq.Pes.'!AA3,CHAR(10),"<br>")&"<br><br>") &IF(V12="Sim",MID(Listas!$I$71,1,123),"") &IF(Z12=0,"",MID(Listas!$G$71,1,231)&Z12&MID(Listas!$G$71,232,59)&"<br><br>") &IF(AA12=0,"",MID(Listas!$H$71,1,156)&AA12&MID(Listas!$H$71,157,189)&"<br><br>") &IF(W12="Sim",Listas!$J$71,"") -> <br><br>Série: NÃO IDENTIFICADO<br><br> | C12: =IF('Máq.Pes.'!L3<>"",CONCATENATE('Máq.Pes.'!L3,", ",'Máq.Pes.'!M3),"") | D12: ='Máq.Pes.'!A3 -> 0 | F12: =IF(ISBLANK(G12),1,"CONSTA UNIDADE MÉTRICA? RETIRAR OU INSERIR O FATOR MULTIPLICATIVO") -> 1 | H12: ='Máq.Pes.'!C3 -> 0 | I12: ='Máq.Pes.'!D3 -> 0 | J12: ='Máq.Pes.'!I3 -> 0 | K12: ='Máq.Pes.'!G3 -> 0 | L12: =IF('Máq.Pes.'!H3="",999999999999,'Máq.Pes.'!H3) -> 999999999999 | M12: ='Máq.Pes.'!AH3 -> 0 | N12: ='Máq.Pes.'!J3 -> 0 | O12: ='Máq.Pes.'!AE3 -> 0 | Q12: ='Máq.Pes.'!AD3 -> 0 | T12: ='Máq.Pes.'!E3 -> 0 | V12: ='Máq.Pes.'!AI3 -> 0 | W12: ='Máq.Pes.'!AJ3 -> 0 | Z12: ='Máq.Pes.'!AK3 -> 0 | AA12: ='Máq.Pes.'!AM3 -> 0 | AB12: ='Máq.Pes.'!B3 -> 0 | AC12: ='Máq.Pes.'!AF3 -> 0 | AD12: ='Máq.Pes.'!AC3 -> 0 | AE12: =LOOKUP(2^15,SEARCH(Listas!$L$39:$L$68,Q12),Listas!$L$39:$L$68) -> #N/A | AF12: =LOOKUP(2^15,SEARCH(Listas!$M$39:$M$43,AD12),Listas!$M$39:$M$43) -> #N/A | AG12: =LOOKUP(2^15,SEARCH(Listas!$N$39:$N$42,AD12),Listas!$N$39:$N$42) -> #N/A | AH12: =LOOKUP(2^15,SEARCH(Listas!$P$39:$P$44,AC12),Listas!$P$39:$P$44) -> #N/A | AI12: =LOOKUP(2^15,SEARCH(Listas!$O$39:$O$53,AC12),Listas!$O$39:$O$53) -> #N/A | AJ12: =LOOKUP(2^15,SEARCH(Listas!$R$39:$R$43,AD12),Listas!$R$39:$R$43) -> #N/A
A14: ='Máq.Pes. e Máq.Equip. 1.2 '!E3 | B14: ="" &IF('Máq.Pes. e Máq.Equip. 1.2 '!S3="","","Referência Local: "& 'Máq.Pes. e Máq.Equip. 1.2 '!S3) &IF('Máq.Pes. e Máq.Equip. 1.2 '!AO3="","","<br>Nº do ativo: "& 'Máq.Pes. e Máq.Equip. 1.2 '!AO3) &"<br>" &IF( AND('Máq.Pes. e Máq.Equip. 1.2 '!U3="Outros",'Máq.Pes. e Máq.Equip. 1.2 '!T3=TRUE),"SUCATA DE "&'Máq.Pes. e Máq.Equip. 1.2 '!V3, IF( AND('Máq.Pes. e Máq.Equip. 1.2 '!U3="Outros",'Máq.Pes. e Máq.Equip. 1.2 '!T3=FALSE),'Máq.Pes. e Máq.Equip. 1.2 '!V3, IF( AND('Máq.Pes. e Máq.Equip. 1.2 '!U3<>"Outros",'Máq.Pes. e Máq.Equip. 1.2 '!T3=TRUE),"SUCATA DE "&'Máq.Pes. e Máq.Equip. 1.2 '!U3, IF( AND('Máq.Pes. e Máq.Equip. 1.2 '!U3<>"Outros",'Máq.Pes. e Máq.Equip. 1.2 '!T3=FALSE),'Máq.Pes. e Máq.Equip. 1.2 '!U3,"")))) &IF( 'Máq.Pes. e Máq.Equip. 1.2 '!W3="","","<br>Marca: "& 'Máq.Pes. e Máq.Equip. 1.2 '!W3) &IF( 'Máq.Pes. e Máq.Equip. 1.2 '!X3="","","<br>Modelo: "& 'Máq.Pes. e Máq.Equip. 1.2 '!X3) &IF( 'Máq.Pes. e Máq.Equip. 1.2 '!AA3="","","<br>Tipo: "& 'Máq.Pes. e Máq.Equip. 1.2 '!AA3) &IF( 'Máq.Pes. e Máq.Equip. 1.2 '!Y3="","","<br>Ano: "& 'Máq.Pes. e Máq.Equip. 1.2 '!Y3) &IF( 'Máq.Pes. e Máq.Equip. 1.2 '!AN3="","","<br>Capacidade: "& 'Máq.Pes. e Máq.Equip. 1.2 '!AN3) &IF(AND( 'Máq.Pes. e Máq.Equip. 1.2 '!Z3="",'Máq.Pes. e Máq.Equip. 1.2 '!M3="Máquinas Pesadas"),"<br>Série: NÃO IDENTIFICADO",IF(AND( 'Máq.Pes. e Máq.Equip. 1.2 '!Z3="",'Máq.Pes. e Máq.Equip. 1.2 '!M3<>"Máquinas Pesadas"),"","<br>Série: "& 'Máq.Pes. e Máq.Equip. 1.2 '!Z3)) &IF(AND( 'Máq.Pes. e Máq.Equip. 1.2 '!AB3<>"",'Máq.Pes. e Máq.Equip. 1.2 '!M3="Máquinas Pesadas"),"<br>Horímetro: "& 'Máq.Pes. e Máq.Equip. 1.2 '!AB3,"") &IF(OR( 'Máq.Pes. e Máq.Equip. 1.2 '!AC3="Não Testado", 'Máq.Pes. e Máq.Equip. 1.2 '!AC3=""),"", IF(AND( 'Máq.Pes. e Máq.Equip. 1.2 '!AC3<>"",'Máq.Pes. e Máq.Equip. 1.2 '!M3="Máquinas Pesadas"),"<br>Mecânica/Motor: "& 'Máq.Pes. e Máq.Equip. 1.2 '!AC3,"")) &IF(AND( 'Máq.Pes. e Máq.Equip. 1.2 '!AD3<>"",'Máq.Pes. e Máq.Equip. 1.2 '!M3="Máquinas Pesadas"),"<br>Câmbio: "& 'Máq.Pes. e Máq.Equip. 1.2 '!AD3,"") &IF(AND( 'Máq.Pes. e Máq.Equip. 1.2 '!AE3<>"",'Máq.Pes. e Máq.Equip. 1.2 '!M3="Máquinas Pesadas"),"<br>Combustível: "& 'Máq.Pes. e Máq.Equip. 1.2 '!AE3,"") &IF( AND('Máq.Pes. e Máq.Equip. 1.2 '!AF3<>"",'Máq.Pes. e Máq.Equip. 1.2 '!M3="Máquinas Pesadas"),"<br>Tração: "& 'Máq.Pes. e Máq.Equip. 1.2 '!AF3,"") &IF(AND( 'Máq.Pes. e Máq.Equip. 1.2 '!AG3<>"",'Máq.Pes. e Máq.Equip. 1.2 '!M3="Máquinas Pesadas"),"<br>Pneus (Estado): "& 'Máq.Pes. e Máq.Equip. 1.2 '!AG3,"") &IF( AND('Máq.Pes. e Máq.Equip. 1.2 '!AH3<>"",'Máq.Pes. e Máq.Equip. 1.2 '!M3="Máquinas Pesadas"),"<br>Pneus (Quantidade): "& 'Máq.Pes. e Máq.Equip. 1.2 '!AH3,"") &IF( AND('Máq.Pes. e Máq.Equip. 1.2 '!AI3<>"",'Máq.Pes. e Máq.Equip. 1.2 '!M3="Máquinas Pesadas"),"<br>Esteira (Estado): "& 'Máq.Pes. e Máq.Equip. 1.2 '!AI3,"") &IF( AND('Máq.Pes. e Máq.Equip. 1.2 '!AJ3<>"",'Máq.Pes. e Máq.Equip. 1.2 '!M3="Máquinas Pesadas"),"<br>Acessórios: "& 'Máq.Pes. e Máq.Equip. 1.2 '!AJ3,"") &IF( AND('Máq.Pes. e Máq.Equip. 1.2 '!AK3<>"",'Máq.Pes. e Máq.Equip. 1.2 '!M3="Máquinas Pesadas"),"<br>Detalhes sobre acessórios: "& 'Máq.Pes. e Máq.Equip. 1.2 '!AK3,"") &IF( AND('Máq.Pes. e Máq.Equip. 1.2 '!AL3<>"",'Máq.Pes. e Máq.Equip. 1.2 '!M3="Máquinas Pesadas"),"<br>Não faz parte do lote: "& 'Máq.Pes. e Máq.Equip. 1.2 '!AL3,"") &IF( 'Máq.Pes. e Máq.Equip. 1.2 '!AM3="","","<br>Componentes existentes: "& 'Máq.Pes. e Máq.Equip. 1.2 '!AM3) &IF(AND('Máq.Pes. e Máq.Equip. 1.2 '!AQ3="",'Máq.Pes. e Máq.Equip. 1.2 '!AR3<=""),"<br><br>","<br><br>Observações: "&CONCATENATE(SUBSTITUTE('Máq.Pes. e Máq.Equip. 1.2 '!AR3,CHAR(10),"<br>"),"<br><b>",SUBSTITUTE('Máq.Pes. e Máq.Equip. 1.2 '!AQ3,CHAR(10),"<br>"),"</b>")&"<br><br>") &IF(Z14=0,"",MID(Listas!$G$71,1,231)&Z14&MID(Listas!$G$71,232,59)&"<br><br>") &IF(AA14=0,"",MID(Listas!$H$71,1,156)&AA14&MID(Listas!$H$71,157,189)&"<br><br>") &IF(W14="Sim",Listas!$J$71,"") -> <br><br><br> | C14: =IF('Máq.Pes. e Máq.Equip. 1.2 '!Q3="",CONCATENATE('Máq.Pes. e Máq.Equip. 1.2 '!J3,", ",'Máq.Pes. e Máq.Equip. 1.2 '!K3),'Máq.Pes. e Máq.Equip. 1.2 '!Q3) -> , | D14: ='Máq.Pes. e Máq.Equip. 1.2 '!A3 -> 0 | F14: =IF('Máq.Pes. e Máq.Equip. 1.2 '!M3="Máquina pesada",1,'Máq.Pes. e Máq.Equip. 1.2 '!AS3) -> 0 | G14: =IF('Máq.Pes. e Máq.Equip. 1.2 '!M3="Máquina pesada","",'Máq.Pes. e Máq.Equip. 1.2 '!AT3) -> 0 | H14: ='Máq.Pes. e Máq.Equip. 1.2 '!B3 -> 0 | I14: ='Máq.Pes. e Máq.Equip. 1.2 '!C3 -> 0 | J14: ='Máq.Pes. e Máq.Equip. 1.2 '!H3 -> 0 | K14: ='Máq.Pes. e Máq.Equip. 1.2 '!F3 -> 0 | L14: =IF('Máq.Pes. e Máq.Equip. 1.2 '!G3="",999999999999,'Máq.Pes. e Máq.Equip. 1.2 '!G3) -> 999999999999 | M14: ='Máq.Pes. e Máq.Equip. 1.2 '!L3 -> 0 | N14: ='Máq.Pes. e Máq.Equip. 1.2 '!I3 -> 0 | O14: ='Máq.Pes. e Máq.Equip. 1.2 '!AW3 -> 0 | Q14: ='Máq.Pes. e Máq.Equip. 1.2 '!AV3 -> 0 | T14: ='Máq.Pes. e Máq.Equip. 1.2 '!S3 -> 0 | V14: ='Máq.Pes. e Máq.Equip. 1.2 '!AZ3 -> 0 | W14: ='Máq.Pes. e Máq.Equip. 1.2 '!BA3 -> 0 | Z14: ='Máq.Pes. e Máq.Equip. 1.2 '!BB3 -> 0 | AA14: ='Máq.Pes. e Máq.Equip. 1.2 '!BC3 -> 0 | AB14: ='Máq.Pes. e Máq.Equip. 1.2 '!D3 -> 0 | AC14: ='Máq.Pes. e Máq.Equip. 1.2 '!AX3 -> 0 | AD14: ='Máq.Pes. e Máq.Equip. 1.2 '!AU3 -> 0 | AE14: =LOOKUP(2^15,SEARCH(Listas!$L$39:$L$68,Q14),Listas!$L$39:$L$68) -> #N/A | AF14: =LOOKUP(2^15,SEARCH(Listas!$M$39:$M$43,AD14),Listas!$M$39:$M$43) -> #N/A | AG14: =LOOKUP(2^15,SEARCH(Listas!$N$39:$N$42,AD14),Listas!$N$39:$N$42) -> #N/A | AH14: =LOOKUP(2^15,SEARCH(Listas!$P$39:$P$44,AC14),Listas!$P$39:$P$44) -> #N/A | AI14: =LOOKUP(2^15,SEARCH(Listas!$O$39:$O$53,AC14),Listas!$O$39:$O$53) -> #N/A | AJ14: =LOOKUP(2^15,SEARCH(Listas!$R$39:$R$43,AD14),Listas!$R$39:$R$43) -> #N/A
A16: ='Máq.Equip.'!F3 &IF('Máq.Equip.'!E3="",""," (Ref.: "&'Máq.Equip.'!E3&")") -> 10 CAÇAMBAS PLÁSTICAS DESMONTÁVEIS COM TAMPA MEDINDO 800 X 760 X 500 MM REFORÇADAS (Ref.: 19461) | B16: ="" &IF('Máq.Equip.'!E3="","","Referência Local: "&'Máq.Equip.'!E3) &IF('Máq.Equip.'!G3="","<br><br>","<br><br>"&CONCATENATE(SUBSTITUTE('Máq.Equip.'!G3,CHAR(10),"<br>"),"<br>")) &IF('Máq.Equip.'!V3="","<br>","<br>"&CONCATENATE(SUBSTITUTE('Máq.Equip.'!V3,CHAR(10),"<br>"),"<br>")) &IF(Z16=0,"",MID(Listas!$G$71,1,231)&Z16&MID(Listas!$G$71,232,59)&"<br><br>") &IF(AA16=0,"",MID(Listas!$H$71,1,156)&AA16&MID(Listas!$H$71,157,189)&"<br><br>") &IF(W16="Sim",Listas!$J$71,"") -> Referência Local: 19461<br><br>10 CAÇAMBAS PLÁSTICAS DESMONTÁVEIS COM TAMPA MEDINDO 800 X 760 X 500 MM REFORÇADAS<br>EM CASO DE DÚVIDAS ENTRAR EM CONTATO: duvidasleiloes@gmail.com<br>USADAS, NO ESTADO E SEM GARANTIAS.<br>PODENDO APRESENTAR AVÁRIAS, FALTA DE PEÇAS E COMPONENTES.<br><br> | C16: =IF('Máq.Equip.'!N3<>"",CONCATENATE('Máq.Equip.'!N3,", ",'Máq.Equip.'!O3),"") -> SÃO PAULO, SP | D16: ='Máq.Equip.'!A3 -> 222 | F16: ='Máq.Equip.'!S3 -> 1 | G16: ='Máq.Equip.'!R3 -> 1 | H16: ='Máq.Equip.'!C3 -> 0 | I16: ='Máq.Equip.'!D3 -> 0 | J16: ='Máq.Equip.'!J3 -> 0 | K16: ='Máq.Equip.'!H3 -> 5700 | L16: =IF('Máq.Equip.'!I3="",999999999999,'Máq.Equip.'!I3) -> 8500 | M16: ='Máq.Equip.'!L3 -> 0 | N16: ='Máq.Equip.'!K3 -> 500 | T16: ='Máq.Equip.'!E3 -> 19461 | W16: ='Máq.Equip.'!W3 -> 0 | Z16: ='Máq.Equip.'!X3 -> 0 | AA16: ='Máq.Equip.'!Y3 -> 0 | AB16: ='Máq.Equip.'!B3 -> 0 | AC16: ='Máq.Equip.'!T3 -> ADICIONAR | AD16: ='Máq.Equip.'!Q3 -> 0 | AE16: =LOOKUP(2^15,SEARCH(Listas!$L$39:$L$68,Q16),Listas!$L$39:$L$68) -> #N/A | AF16: =LOOKUP(2^15,SEARCH(Listas!$M$39:$M$43,AD16),Listas!$M$39:$M$43) -> #N/A | AG16: =LOOKUP(2^15,SEARCH(Listas!$N$39:$N$42,AD16),Listas!$N$39:$N$42) -> #N/A | AH16: =LOOKUP(2^15,SEARCH(Listas!$P$39:$P$44,AC16),Listas!$P$39:$P$44) -> Adicionar | AI16: =LOOKUP(2^15,SEARCH(Listas!$O$39:$O$53,AC16),Listas!$O$39:$O$53) -> #N/A | AJ16: =LOOKUP(2^15,SEARCH(Listas!$R$39:$R$43,AD16),Listas!$R$39:$R$43) -> #N/A
A17: ='Máq.Equip.'!F4 &IF('Máq.Equip.'!E4="",""," (Ref.: "&'Máq.Equip.'!E4&")") -> 10 CAÇAMBAS PLÁSTICAS DESMONTÁVEIS COM TAMPA MEDINDO 800 X 760 X 500 MM REFORÇADAS (Ref.: 19461) | B17: ="" &IF('Máq.Equip.'!E4="","","Referência Local: "&'Máq.Equip.'!E4) &IF('Máq.Equip.'!G4="","<br><br>","<br><br>"&CONCATENATE(SUBSTITUTE('Máq.Equip.'!G4,CHAR(10),"<br>"),"<br>")) &IF('Máq.Equip.'!V4="","<br>","<br>"&CONCATENATE(SUBSTITUTE('Máq.Equip.'!V4,CHAR(10),"<br>"),"<br>")) &IF(Z17=0,"",MID(Listas!$G$71,1,231)&Z17&MID(Listas!$G$71,232,59)&"<br><br>") &IF(AA17=0,"",MID(Listas!$H$71,1,156)&AA17&MID(Listas!$H$71,157,189)&"<br><br>") &IF(W17="Sim",Listas!$J$71,"") -> Referência Local: 19461<br><br>10 CAÇAMBAS PLÁSTICAS DESMONTÁVEIS COM TAMPA MEDINDO 800 X 760 X 500 MM REFORÇADAS<br>EM CASO DE DÚVIDAS ENTRAR EM CONTATO: duvidasleiloes@gmail.com<br>USADAS, NO ESTADO E SEM GARANTIAS.<br>PODENDO APRESENTAR AVÁRIAS, FALTA DE PEÇAS E COMPONENTES.<br><br> | C17: =IF('Máq.Equip.'!N4<>"",CONCATENATE('Máq.Equip.'!N4,", ",'Máq.Equip.'!O4),"") -> SÃO PAULO, SP | D17: ='Máq.Equip.'!A4 -> 223 | F17: ='Máq.Equip.'!S4 -> 1 | G17: ='Máq.Equip.'!R4 -> 1 | H17: ='Máq.Equip.'!C4 -> 0 | I17: ='Máq.Equip.'!D4 -> 0 | J17: ='Máq.Equip.'!J4 -> 0 | K17: ='Máq.Equip.'!H4 -> 5700 | L17: =IF('Máq.Equip.'!I4="",999999999999,'Máq.Equip.'!I4) -> 8500 | M17: ='Máq.Equip.'!L4 -> 0 | N17: ='Máq.Equip.'!K4 -> 500 | T17: ='Máq.Equip.'!E4 -> 19461 | W17: ='Máq.Equip.'!W4 -> 0 | Z17: ='Máq.Equip.'!X4 -> 0 | AA17: ='Máq.Equip.'!Y4 -> 0 | AB17: ='Máq.Equip.'!B4 -> 0 | AC17: ='Máq.Equip.'!T4 -> ADICIONAR | AD17: ='Máq.Equip.'!Q4 -> 0 | AE17: =LOOKUP(2^15,SEARCH(Listas!$L$39:$L$68,Q17),Listas!$L$39:$L$68) -> #N/A | AF17: =LOOKUP(2^15,SEARCH(Listas!$M$39:$M$43,AD17),Listas!$M$39:$M$43) -> #N/A | AG17: =LOOKUP(2^15,SEARCH(Listas!$N$39:$N$42,AD17),Listas!$N$39:$N$42) -> #N/A | AH17: =LOOKUP(2^15,SEARCH(Listas!$P$39:$P$44,AC17),Listas!$P$39:$P$44) -> Adicionar | AI17: =LOOKUP(2^15,SEARCH(Listas!$O$39:$O$53,AC17),Listas!$O$39:$O$53) -> #N/A | AJ17: =LOOKUP(2^15,SEARCH(Listas!$R$39:$R$43,AD17),Listas!$R$39:$R$43) -> #N/A
A18: ='Máq.Equip.'!F5 &IF('Máq.Equip.'!E5="",""," (Ref.: "&'Máq.Equip.'!E5&")") -> 10 CAÇAMBAS PLÁSTICAS DESMONTÁVEIS COM TAMPA MEDINDO 800 X 760 X 500 MM REFORÇADAS (Ref.: 19461) | B18: ="" &IF('Máq.Equip.'!E5="","","Referência Local: "&'Máq.Equip.'!E5) &IF('Máq.Equip.'!G5="","<br><br>","<br><br>"&CONCATENATE(SUBSTITUTE('Máq.Equip.'!G5,CHAR(10),"<br>"),"<br>")) &IF('Máq.Equip.'!V5="","<br>","<br>"&CONCATENATE(SUBSTITUTE('Máq.Equip.'!V5,CHAR(10),"<br>"),"<br>")) &IF(Z18=0,"",MID(Listas!$G$71,1,231)&Z18&MID(Listas!$G$71,232,59)&"<br><br>") &IF(AA18=0,"",MID(Listas!$H$71,1,156)&AA18&MID(Listas!$H$71,157,189)&"<br><br>") &IF(W18="Sim",Listas!$J$71,"") -> Referência Local: 19461<br><br>10 CAÇAMBAS PLÁSTICAS DESMONTÁVEIS COM TAMPA MEDINDO 800 X 760 X 500 MM REFORÇADAS<br>EM CASO DE DÚVIDAS ENTRAR EM CONTATO: duvidasleiloes@gmail.com<br>USADAS, NO ESTADO E SEM GARANTIAS.<br>PODENDO APRESENTAR AVÁRIAS, FALTA DE PEÇAS E COMPONENTES.<br><br> | C18: =IF('Máq.Equip.'!N5<>"",CONCATENATE('Máq.Equip.'!N5,", ",'Máq.Equip.'!O5),"") -> SÃO PAULO, SP | D18: ='Máq.Equip.'!A5 -> 224 | F18: ='Máq.Equip.'!S5 -> 1 | G18: ='Máq.Equip.'!R5 -> 1 | H18: ='Máq.Equip.'!C5 -> 0 | I18: ='Máq.Equip.'!D5 -> 0 | J18: ='Máq.Equip.'!J5 -> 0 | K18: ='Máq.Equip.'!H5 -> 5700 | L18: =IF('Máq.Equip.'!I5="",999999999999,'Máq.Equip.'!I5) -> 8500 | M18: ='Máq.Equip.'!L5 -> 0 | N18: ='Máq.Equip.'!K5 -> 500 | T18: ='Máq.Equip.'!E5 -> 19461 | W18: ='Máq.Equip.'!W5 -> 0 | Z18: ='Máq.Equip.'!X5 -> 0 | AA18: ='Máq.Equip.'!Y5 -> 0 | AB18: ='Máq.Equip.'!B5 -> 0 | AC18: ='Máq.Equip.'!T5 -> ADICIONAR | AD18: ='Máq.Equip.'!Q5 -> 0 | AE18: =LOOKUP(2^15,SEARCH(Listas!$L$39:$L$68,Q18),Listas!$L$39:$L$68) -> #N/A | AF18: =LOOKUP(2^15,SEARCH(Listas!$M$39:$M$43,AD18),Listas!$M$39:$M$43) -> #N/A | AG18: =LOOKUP(2^15,SEARCH(Listas!$N$39:$N$42,AD18),Listas!$N$39:$N$42) -> #N/A | AH18: =LOOKUP(2^15,SEARCH(Listas!$P$39:$P$44,AC18),Listas!$P$39:$P$44) -> Adicionar | AI18: =LOOKUP(2^15,SEARCH(Listas!$O$39:$O$53,AC18),Listas!$O$39:$O$53) -> #N/A | AJ18: =LOOKUP(2^15,SEARCH(Listas!$R$39:$R$43,AD18),Listas!$R$39:$R$43) -> #N/A
A19: ='Máq.Equip.'!F6 &IF('Máq.Equip.'!E6="",""," (Ref.: "&'Máq.Equip.'!E6&")") | B19: ="" &IF('Máq.Equip.'!E6="","","Referência Local: "&'Máq.Equip.'!E6) &IF('Máq.Equip.'!G6="","<br><br>","<br><br>"&CONCATENATE(SUBSTITUTE('Máq.Equip.'!G6,CHAR(10),"<br>"),"<br>")) &IF('Máq.Equip.'!V6="","<br>","<br>"&CONCATENATE(SUBSTITUTE('Máq.Equip.'!V6,CHAR(10),"<br>"),"<br>")) &IF(Z19=0,"",MID(Listas!$G$71,1,231)&Z19&MID(Listas!$G$71,232,59)&"<br><br>") &IF(AA19=0,"",MID(Listas!$H$71,1,156)&AA19&MID(Listas!$H$71,157,189)&"<br><br>") &IF(W19="Sim",Listas!$J$71,"") -> <br><br><br> | C19: =IF('Máq.Equip.'!N6<>"",CONCATENATE('Máq.Equip.'!N6,", ",'Máq.Equip.'!O6),"") | D19: ='Máq.Equip.'!A6 -> 0 | F19: ='Máq.Equip.'!S6 -> 0 | G19: ='Máq.Equip.'!R6 -> 0 | H19: ='Máq.Equip.'!C6 -> 0 | I19: ='Máq.Equip.'!D6 -> 0 | J19: ='Máq.Equip.'!J6 -> 0 | K19: ='Máq.Equip.'!H6 -> 0 | L19: =IF('Máq.Equip.'!I6="",999999999999,'Máq.Equip.'!I6) -> 999999999999 | M19: ='Máq.Equip.'!L6 -> 0 | N19: ='Máq.Equip.'!K6 -> 0 | T19: ='Máq.Equip.'!E6 -> 0 | W19: ='Máq.Equip.'!W6 -> 0 | Z19: ='Máq.Equip.'!X6 -> 0 | AA19: ='Máq.Equip.'!Y6 -> 0 | AB19: ='Máq.Equip.'!B6 -> 0 | AC19: ='Máq.Equip.'!T6 -> 0 | AD19: ='Máq.Equip.'!Q6 -> 0 | AE19: =LOOKUP(2^15,SEARCH(Listas!$L$39:$L$68,Q19),Listas!$L$39:$L$68) -> #N/A | AF19: =LOOKUP(2^15,SEARCH(Listas!$M$39:$M$43,AD19),Listas!$M$39:$M$43) -> #N/A | AG19: =LOOKUP(2^15,SEARCH(Listas!$N$39:$N$42,AD19),Listas!$N$39:$N$42) -> #N/A | AH19: =LOOKUP(2^15,SEARCH(Listas!$P$39:$P$44,AC19),Listas!$P$39:$P$44) -> #N/A | AI19: =LOOKUP(2^15,SEARCH(Listas!$O$39:$O$53,AC19),Listas!$O$39:$O$53) -> #N/A | AJ19: =LOOKUP(2^15,SEARCH(Listas!$R$39:$R$43,AD19),Listas!$R$39:$R$43) -> #N/A
A20: ='Máq.Equip.'!F7 &IF('Máq.Equip.'!E7="",""," (Ref.: "&'Máq.Equip.'!E7&")") | B20: ="" &IF('Máq.Equip.'!E7="","","Referência Local: "&'Máq.Equip.'!E7) &IF('Máq.Equip.'!G7="","<br><br>","<br><br>"&CONCATENATE(SUBSTITUTE('Máq.Equip.'!G7,CHAR(10),"<br>"),"<br>")) &IF('Máq.Equip.'!V7="","<br>","<br>"&CONCATENATE(SUBSTITUTE('Máq.Equip.'!V7,CHAR(10),"<br>"),"<br>")) &IF(Z20=0,"",MID(Listas!$G$71,1,231)&Z20&MID(Listas!$G$71,232,59)&"<br><br>") &IF(AA20=0,"",MID(Listas!$H$71,1,156)&AA20&MID(Listas!$H$71,157,189)&"<br><br>") &IF(W20="Sim",Listas!$J$71,"") -> <br><br><br> | C20: =IF('Máq.Equip.'!N7<>"",CONCATENATE('Máq.Equip.'!N7,", ",'Máq.Equip.'!O7),"") | D20: ='Máq.Equip.'!A7 -> 0 | F20: ='Máq.Equip.'!S7 -> 0 | G20: ='Máq.Equip.'!R7 -> 0 | H20: ='Máq.Equip.'!C7 -> 0 | I20: ='Máq.Equip.'!D7 -> 0 | J20: ='Máq.Equip.'!J7 -> 0 | K20: ='Máq.Equip.'!H7 -> 0 | L20: =IF('Máq.Equip.'!I7="",999999999999,'Máq.Equip.'!I7) -> 999999999999 | M20: ='Máq.Equip.'!L7 -> 0 | N20: ='Máq.Equip.'!K7 -> 0 | T20: ='Máq.Equip.'!E7 -> 0 | W20: ='Máq.Equip.'!W7 -> 0 | Z20: ='Máq.Equip.'!X7 -> 0 | AA20: ='Máq.Equip.'!Y7 -> 0 | AB20: ='Máq.Equip.'!B7 -> 0 | AC20: ='Máq.Equip.'!T7 -> 0 | AD20: ='Máq.Equip.'!Q7 -> 0 | AE20: =LOOKUP(2^15,SEARCH(Listas!$L$39:$L$68,Q20),Listas!$L$39:$L$68) -> #N/A | AF20: =LOOKUP(2^15,SEARCH(Listas!$M$39:$M$43,AD20),Listas!$M$39:$M$43) -> #N/A | AG20: =LOOKUP(2^15,SEARCH(Listas!$N$39:$N$42,AD20),Listas!$N$39:$N$42) -> #N/A | AH20: =LOOKUP(2^15,SEARCH(Listas!$P$39:$P$44,AC20),Listas!$P$39:$P$44) -> #N/A | AI20: =LOOKUP(2^15,SEARCH(Listas!$O$39:$O$53,AC20),Listas!$O$39:$O$53) -> #N/A | AJ20: =LOOKUP(2^15,SEARCH(Listas!$R$39:$R$43,AD20),Listas!$R$39:$R$43) -> #N/A
A21: ='Máq.Equip.'!F8 &IF('Máq.Equip.'!E8="",""," (Ref.: "&'Máq.Equip.'!E8&")") | B21: ="" &IF('Máq.Equip.'!E8="","","Referência Local: "&'Máq.Equip.'!E8) &IF('Máq.Equip.'!G8="","<br><br>","<br><br>"&CONCATENATE(SUBSTITUTE('Máq.Equip.'!G8,CHAR(10),"<br>"),"<br>")) &IF('Máq.Equip.'!V8="","<br>","<br>"&CONCATENATE(SUBSTITUTE('Máq.Equip.'!V8,CHAR(10),"<br>"),"<br>")) &IF(Z21=0,"",MID(Listas!$G$71,1,231)&Z21&MID(Listas!$G$71,232,59)&"<br><br>") &IF(AA21=0,"",MID(Listas!$H$71,1,156)&AA21&MID(Listas!$H$71,157,189)&"<br><br>") &IF(W21="Sim",Listas!$J$71,"") -> <br><br><br> | C21: =IF('Máq.Equip.'!N8<>"",CONCATENATE('Máq.Equip.'!N8,", ",'Máq.Equip.'!O8),"") | D21: ='Máq.Equip.'!A8 -> 0 | F21: ='Máq.Equip.'!S8 -> 0 | G21: ='Máq.Equip.'!R8 -> 0 | H21: ='Máq.Equip.'!C8 -> 0 | I21: ='Máq.Equip.'!D8 -> 0 | J21: ='Máq.Equip.'!J8 -> 0 | K21: ='Máq.Equip.'!H8 -> 0 | L21: =IF('Máq.Equip.'!I8="",999999999999,'Máq.Equip.'!I8) -> 999999999999 | M21: ='Máq.Equip.'!L8 -> 0 | N21: ='Máq.Equip.'!K8 -> 0 | T21: ='Máq.Equip.'!E8 -> 0 | W21: ='Máq.Equip.'!W8 -> 0 | Z21: ='Máq.Equip.'!X8 -> 0 | AA21: ='Máq.Equip.'!Y8 -> 0 | AB21: ='Máq.Equip.'!B8 -> 0 | AC21: ='Máq.Equip.'!T8 -> 0 | AD21: ='Máq.Equip.'!Q8 -> 0 | AE21: =LOOKUP(2^15,SEARCH(Listas!$L$39:$L$68,Q21),Listas!$L$39:$L$68) -> #N/A | AF21: =LOOKUP(2^15,SEARCH(Listas!$M$39:$M$43,AD21),Listas!$M$39:$M$43) -> #N/A | AG21: =LOOKUP(2^15,SEARCH(Listas!$N$39:$N$42,AD21),Listas!$N$39:$N$42) -> #N/A | AH21: =LOOKUP(2^15,SEARCH(Listas!$P$39:$P$44,AC21),Listas!$P$39:$P$44) -> #N/A | AI21: =LOOKUP(2^15,SEARCH(Listas!$O$39:$O$53,AC21),Listas!$O$39:$O$53) -> #N/A | AJ21: =LOOKUP(2^15,SEARCH(Listas!$R$39:$R$43,AD21),Listas!$R$39:$R$43) -> #N/A
A22: ='Máq.Equip.'!F9 &IF('Máq.Equip.'!E9="",""," (Ref.: "&'Máq.Equip.'!E9&")") | B22: ="" &IF('Máq.Equip.'!E9="","","Referência Local: "&'Máq.Equip.'!E9) &IF('Máq.Equip.'!G9="","<br><br>","<br><br>"&CONCATENATE(SUBSTITUTE('Máq.Equip.'!G9,CHAR(10),"<br>"),"<br>")) &IF('Máq.Equip.'!V9="","<br>","<br>"&CONCATENATE(SUBSTITUTE('Máq.Equip.'!V9,CHAR(10),"<br>"),"<br>")) &IF(Z22=0,"",MID(Listas!$G$71,1,231)&Z22&MID(Listas!$G$71,232,59)&"<br><br>") &IF(AA22=0,"",MID(Listas!$H$71,1,156)&AA22&MID(Listas!$H$71,157,189)&"<br><br>") &IF(W22="Sim",Listas!$J$71,"") -> <br><br><br> | C22: =IF('Máq.Equip.'!N9<>"",CONCATENATE('Máq.Equip.'!N9,", ",'Máq.Equip.'!O9),"") | D22: ='Máq.Equip.'!A9 -> 0 | F22: ='Máq.Equip.'!S9 -> 0 | G22: ='Máq.Equip.'!R9 -> 0 | H22: ='Máq.Equip.'!C9 -> 0 | I22: ='Máq.Equip.'!D9 -> 0 | J22: ='Máq.Equip.'!J9 -> 0 | K22: ='Máq.Equip.'!H9 -> 0 | L22: =IF('Máq.Equip.'!I9="",999999999999,'Máq.Equip.'!I9) -> 999999999999 | M22: ='Máq.Equip.'!L9 -> 0 | N22: ='Máq.Equip.'!K9 -> 0 | T22: ='Máq.Equip.'!E9 -> 0 | W22: ='Máq.Equip.'!W9 -> 0 | Z22: ='Máq.Equip.'!X9 -> 0 | AA22: ='Máq.Equip.'!Y9 -> 0 | AB22: ='Máq.Equip.'!B9 -> 0 | AC22: ='Máq.Equip.'!T9 -> 0 | AD22: ='Máq.Equip.'!Q9 -> 0 | AE22: =LOOKUP(2^15,SEARCH(Listas!$L$39:$L$68,Q22),Listas!$L$39:$L$68) -> #N/A | AF22: =LOOKUP(2^15,SEARCH(Listas!$M$39:$M$43,AD22),Listas!$M$39:$M$43) -> #N/A | AG22: =LOOKUP(2^15,SEARCH(Listas!$N$39:$N$42,AD22),Listas!$N$39:$N$42) -> #N/A | AH22: =LOOKUP(2^15,SEARCH(Listas!$P$39:$P$44,AC22),Listas!$P$39:$P$44) -> #N/A | AI22: =LOOKUP(2^15,SEARCH(Listas!$O$39:$O$53,AC22),Listas!$O$39:$O$53) -> #N/A | AJ22: =LOOKUP(2^15,SEARCH(Listas!$R$39:$R$43,AD22),Listas!$R$39:$R$43) -> #N/A
A23: ='Máq.Equip.'!F10 &IF('Máq.Equip.'!E10="",""," (Ref.: "&'Máq.Equip.'!E10&")") | B23: ="" &IF('Máq.Equip.'!E10="","","Referência Local: "&'Máq.Equip.'!E10) &IF('Máq.Equip.'!G10="","<br><br>","<br><br>"&CONCATENATE(SUBSTITUTE('Máq.Equip.'!G10,CHAR(10),"<br>"),"<br>")) &IF('Máq.Equip.'!V10="","<br>","<br>"&CONCATENATE(SUBSTITUTE('Máq.Equip.'!V10,CHAR(10),"<br>"),"<br>")) &IF(Z23=0,"",MID(Listas!$G$71,1,231)&Z23&MID(Listas!$G$71,232,59)&"<br><br>") &IF(AA23=0,"",MID(Listas!$H$71,1,156)&AA23&MID(Listas!$H$71,157,189)&"<br><br>") &IF(W23="Sim",Listas!$J$71,"") -> <br><br><br> | C23: =IF('Máq.Equip.'!N10<>"",CONCATENATE('Máq.Equip.'!N10,", ",'Máq.Equip.'!O10),"") | D23: ='Máq.Equip.'!A10 -> 0 | F23: ='Máq.Equip.'!S10 -> 0 | G23: ='Máq.Equip.'!R10 -> 0 | H23: ='Máq.Equip.'!C10 -> 0 | I23: ='Máq.Equip.'!D10 -> 0 | J23: ='Máq.Equip.'!J10 -> 0 | K23: ='Máq.Equip.'!H10 -> 0 | L23: =IF('Máq.Equip.'!I10="",999999999999,'Máq.Equip.'!I10) -> 999999999999 | M23: ='Máq.Equip.'!L10 -> 0 | N23: ='Máq.Equip.'!K10 -> 0 | T23: ='Máq.Equip.'!E10 -> 0 | W23: ='Máq.Equip.'!W10 -> 0 | Z23: ='Máq.Equip.'!X10 -> 0 | AA23: ='Máq.Equip.'!Y10 -> 0 | AB23: ='Máq.Equip.'!B10 -> 0 | AC23: ='Máq.Equip.'!T10 -> 0 | AD23: ='Máq.Equip.'!Q10 -> 0 | AE23: =LOOKUP(2^15,SEARCH(Listas!$L$39:$L$68,Q23),Listas!$L$39:$L$68) -> #N/A | AF23: =LOOKUP(2^15,SEARCH(Listas!$M$39:$M$43,AD23),Listas!$M$39:$M$43) -> #N/A | AG23: =LOOKUP(2^15,SEARCH(Listas!$N$39:$N$42,AD23),Listas!$N$39:$N$42) -> #N/A | AH23: =LOOKUP(2^15,SEARCH(Listas!$P$39:$P$44,AC23),Listas!$P$39:$P$44) -> #N/A | AI23: =LOOKUP(2^15,SEARCH(Listas!$O$39:$O$53,AC23),Listas!$O$39:$O$53) -> #N/A | AJ23: =LOOKUP(2^15,SEARCH(Listas!$R$39:$R$43,AD23),Listas!$R$39:$R$43) -> #N/A
A24: ='Máq.Equip.'!F11 &IF('Máq.Equip.'!E11="",""," (Ref.: "&'Máq.Equip.'!E11&")") | B24: ="" &IF('Máq.Equip.'!E11="","","Referência Local: "&'Máq.Equip.'!E11) &IF('Máq.Equip.'!G11="","<br><br>","<br><br>"&CONCATENATE(SUBSTITUTE('Máq.Equip.'!G11,CHAR(10),"<br>"),"<br>")) &IF('Máq.Equip.'!V11="","<br>","<br>"&CONCATENATE(SUBSTITUTE('Máq.Equip.'!V11,CHAR(10),"<br>"),"<br>")) &IF(Z24=0,"",MID(Listas!$G$71,1,231)&Z24&MID(Listas!$G$71,232,59)&"<br><br>") &IF(AA24=0,"",MID(Listas!$H$71,1,156)&AA24&MID(Listas!$H$71,157,189)&"<br><br>") &IF(W24="Sim",Listas!$J$71,"") -> <br><br><br> | C24: =IF('Máq.Equip.'!N11<>"",CONCATENATE('Máq.Equip.'!N11,", ",'Máq.Equip.'!O11),"") | D24: ='Máq.Equip.'!A11 -> 0 | F24: ='Máq.Equip.'!S11 -> 0 | G24: ='Máq.Equip.'!R11 -> 0 | H24: ='Máq.Equip.'!C11 -> 0 | I24: ='Máq.Equip.'!D11 -> 0 | J24: ='Máq.Equip.'!J11 -> 0 | K24: ='Máq.Equip.'!H11 -> 0 | L24: =IF('Máq.Equip.'!I11="",999999999999,'Máq.Equip.'!I11) -> 999999999999 | M24: ='Máq.Equip.'!L11 -> 0 | N24: ='Máq.Equip.'!K11 -> 0 | T24: ='Máq.Equip.'!E11 -> 0 | W24: ='Máq.Equip.'!W11 -> 0 | Z24: ='Máq.Equip.'!X11 -> 0 | AA24: ='Máq.Equip.'!Y11 -> 0 | AB24: ='Máq.Equip.'!B11 -> 0 | AC24: ='Máq.Equip.'!T11 -> 0 | AD24: ='Máq.Equip.'!Q11 -> 0 | AE24: =LOOKUP(2^15,SEARCH(Listas!$L$39:$L$68,Q24),Listas!$L$39:$L$68) -> #N/A | AF24: =LOOKUP(2^15,SEARCH(Listas!$M$39:$M$43,AD24),Listas!$M$39:$M$43) -> #N/A | AG24: =LOOKUP(2^15,SEARCH(Listas!$N$39:$N$42,AD24),Listas!$N$39:$N$42) -> #N/A | AH24: =LOOKUP(2^15,SEARCH(Listas!$P$39:$P$44,AC24),Listas!$P$39:$P$44) -> #N/A | AI24: =LOOKUP(2^15,SEARCH(Listas!$O$39:$O$53,AC24),Listas!$O$39:$O$53) -> #N/A | AJ24: =LOOKUP(2^15,SEARCH(Listas!$R$39:$R$43,AD24),Listas!$R$39:$R$43) -> #N/A
A25: ='Máq.Equip.'!F12 &IF('Máq.Equip.'!E12="",""," (Ref.: "&'Máq.Equip.'!E12&")") | B25: ="" &IF('Máq.Equip.'!E12="","","Referência Local: "&'Máq.Equip.'!E12) &IF('Máq.Equip.'!G12="","<br><br>","<br><br>"&CONCATENATE(SUBSTITUTE('Máq.Equip.'!G12,CHAR(10),"<br>"),"<br>")) &IF('Máq.Equip.'!V12="","<br>","<br>"&CONCATENATE(SUBSTITUTE('Máq.Equip.'!V12,CHAR(10),"<br>"),"<br>")) &IF(Z25=0,"",MID(Listas!$G$71,1,231)&Z25&MID(Listas!$G$71,232,59)&"<br><br>") &IF(AA25=0,"",MID(Listas!$H$71,1,156)&AA25&MID(Listas!$H$71,157,189)&"<br><br>") &IF(W25="Sim",Listas!$J$71,"") -> <br><br><br> | C25: =IF('Máq.Equip.'!N12<>"",CONCATENATE('Máq.Equip.'!N12,", ",'Máq.Equip.'!O12),"") | D25: ='Máq.Equip.'!A12 -> 0 | F25: ='Máq.Equip.'!S12 -> 0 | G25: ='Máq.Equip.'!R12 -> 0 | H25: ='Máq.Equip.'!C12 -> 0 | I25: ='Máq.Equip.'!D12 -> 0 | J25: ='Máq.Equip.'!J12 -> 0 | K25: ='Máq.Equip.'!H12 -> 0 | L25: =IF('Máq.Equip.'!I12="",999999999999,'Máq.Equip.'!I12) -> 999999999999 | M25: ='Máq.Equip.'!L12 -> 0 | N25: ='Máq.Equip.'!K12 -> 0 | T25: ='Máq.Equip.'!E12 -> 0 | W25: ='Máq.Equip.'!W12 -> 0 | Z25: ='Máq.Equip.'!X12 -> 0 | AA25: ='Máq.Equip.'!Y12 -> 0 | AB25: ='Máq.Equip.'!B12 -> 0 | AC25: ='Máq.Equip.'!T12 -> 0 | AD25: ='Máq.Equip.'!Q12 -> 0 | AE25: =LOOKUP(2^15,SEARCH(Listas!$L$39:$L$68,Q25),Listas!$L$39:$L$68) -> #N/A | AF25: =LOOKUP(2^15,SEARCH(Listas!$M$39:$M$43,AD25),Listas!$M$39:$M$43) -> #N/A | AG25: =LOOKUP(2^15,SEARCH(Listas!$N$39:$N$42,AD25),Listas!$N$39:$N$42) -> #N/A | AH25: =LOOKUP(2^15,SEARCH(Listas!$P$39:$P$44,AC25),Listas!$P$39:$P$44) -> #N/A | AI25: =LOOKUP(2^15,SEARCH(Listas!$O$39:$O$53,AC25),Listas!$O$39:$O$53) -> #N/A | AJ25: =LOOKUP(2^15,SEARCH(Listas!$R$39:$R$43,AD25),Listas!$R$39:$R$43) -> #N/A
A26: ='Máq.Equip.'!F13 &IF('Máq.Equip.'!E13="",""," (Ref.: "&'Máq.Equip.'!E13&")") | B26: ="" &IF('Máq.Equip.'!E13="","","Referência Local: "&'Máq.Equip.'!E13) &IF('Máq.Equip.'!G13="","<br><br>","<br><br>"&CONCATENATE(SUBSTITUTE('Máq.Equip.'!G13,CHAR(10),"<br>"),"<br>")) &IF('Máq.Equip.'!V13="","<br>","<br>"&CONCATENATE(SUBSTITUTE('Máq.Equip.'!V13,CHAR(10),"<br>"),"<br>")) &IF(Z26=0,"",MID(Listas!$G$71,1,231)&Z26&MID(Listas!$G$71,232,59)&"<br><br>") &IF(AA26=0,"",MID(Listas!$H$71,1,156)&AA26&MID(Listas!$H$71,157,189)&"<br><br>") &IF(W26="Sim",Listas!$J$71,"") -> <br><br><br> | C26: =IF('Máq.Equip.'!N13<>"",CONCATENATE('Máq.Equip.'!N13,", ",'Máq.Equip.'!O13),"") | D26: ='Máq.Equip.'!A13 -> 0 | F26: ='Máq.Equip.'!S13 -> 0 | G26: ='Máq.Equip.'!R13 -> 0 | H26: ='Máq.Equip.'!C13 -> 0 | I26: ='Máq.Equip.'!D13 -> 0 | J26: ='Máq.Equip.'!J13 -> 0 | K26: ='Máq.Equip.'!H13 -> 0 | L26: =IF('Máq.Equip.'!I13="",999999999999,'Máq.Equip.'!I13) -> 999999999999 | M26: ='Máq.Equip.'!L13 -> 0 | N26: ='Máq.Equip.'!K13 -> 0 | T26: ='Máq.Equip.'!E13 -> 0 | W26: ='Máq.Equip.'!W13 -> 0 | Z26: ='Máq.Equip.'!X13 -> 0 | AA26: ='Máq.Equip.'!Y13 -> 0 | AB26: ='Máq.Equip.'!B13 -> 0 | AC26: ='Máq.Equip.'!T13 -> 0 | AD26: ='Máq.Equip.'!Q13 -> 0 | AE26: =LOOKUP(2^15,SEARCH(Listas!$L$39:$L$68,Q26),Listas!$L$39:$L$68) -> #N/A | AF26: =LOOKUP(2^15,SEARCH(Listas!$M$39:$M$43,AD26),Listas!$M$39:$M$43) -> #N/A | AG26: =LOOKUP(2^15,SEARCH(Listas!$N$39:$N$42,AD26),Listas!$N$39:$N$42) -> #N/A | AH26: =LOOKUP(2^15,SEARCH(Listas!$P$39:$P$44,AC26),Listas!$P$39:$P$44) -> #N/A | AI26: =LOOKUP(2^15,SEARCH(Listas!$O$39:$O$53,AC26),Listas!$O$39:$O$53) -> #N/A | AJ26: =LOOKUP(2^15,SEARCH(Listas!$R$39:$R$43,AD26),Listas!$R$39:$R$43) -> #N/A
A27: ='Máq.Equip.'!F14 &IF('Máq.Equip.'!E14="",""," (Ref.: "&'Máq.Equip.'!E14&")") | B27: ="" &IF('Máq.Equip.'!E14="","","Referência Local: "&'Máq.Equip.'!E14) &IF('Máq.Equip.'!G14="","<br><br>","<br><br>"&CONCATENATE(SUBSTITUTE('Máq.Equip.'!G14,CHAR(10),"<br>"),"<br>")) &IF('Máq.Equip.'!V14="","<br>","<br>"&CONCATENATE(SUBSTITUTE('Máq.Equip.'!V14,CHAR(10),"<br>"),"<br>")) &IF(Z27=0,"",MID(Listas!$G$71,1,231)&Z27&MID(Listas!$G$71,232,59)&"<br><br>") &IF(AA27=0,"",MID(Listas!$H$71,1,156)&AA27&MID(Listas!$H$71,157,189)&"<br><br>") &IF(W27="Sim",Listas!$J$71,"") -> <br><br><br> | C27: =IF('Máq.Equip.'!N14<>"",CONCATENATE('Máq.Equip.'!N14,", ",'Máq.Equip.'!O14),"") | D27: ='Máq.Equip.'!A14 -> 0 | F27: ='Máq.Equip.'!S14 -> 0 | G27: ='Máq.Equip.'!R14 -> 0 | H27: ='Máq.Equip.'!C14 -> 0 | I27: ='Máq.Equip.'!D14 -> 0 | J27: ='Máq.Equip.'!J14 -> 0 | K27: ='Máq.Equip.'!H14 -> 0 | L27: =IF('Máq.Equip.'!I14="",999999999999,'Máq.Equip.'!I14) -> 999999999999 | M27: ='Máq.Equip.'!L14 -> 0 | N27: ='Máq.Equip.'!K14 -> 0 | T27: ='Máq.Equip.'!E14 -> 0 | W27: ='Máq.Equip.'!W14 -> 0 | Z27: ='Máq.Equip.'!X14 -> 0 | AA27: ='Máq.Equip.'!Y14 -> 0 | AB27: ='Máq.Equip.'!B14 -> 0 | AC27: ='Máq.Equip.'!T14 -> 0 | AD27: ='Máq.Equip.'!Q14 -> 0 | AE27: =LOOKUP(2^15,SEARCH(Listas!$L$39:$L$68,Q27),Listas!$L$39:$L$68) -> #N/A | AF27: =LOOKUP(2^15,SEARCH(Listas!$M$39:$M$43,AD27),Listas!$M$39:$M$43) -> #N/A | AG27: =LOOKUP(2^15,SEARCH(Listas!$N$39:$N$42,AD27),Listas!$N$39:$N$42) -> #N/A | AH27: =LOOKUP(2^15,SEARCH(Listas!$P$39:$P$44,AC27),Listas!$P$39:$P$44) -> #N/A | AI27: =LOOKUP(2^15,SEARCH(Listas!$O$39:$O$53,AC27),Listas!$O$39:$O$53) -> #N/A | AJ27: =LOOKUP(2^15,SEARCH(Listas!$R$39:$R$43,AD27),Listas!$R$39:$R$43) -> #N/A
... A45: ='Máq.Equip.'!F32 &IF('Máq.Equip.'!E32="",""," (Ref.: "&'Máq.Equip.'!E32&")") | B45: ="" &IF('Máq.Equip.'!E32="","","Referência Local: "&'Máq.Equip.'!E32) &IF('Máq.Equip.'!G32="","<br><br>","<br><br>"&CONCATENATE(SUBSTITUTE('Máq.Equip.'!G32,CHAR(10),"<br>"),"<br>")) &IF('Máq.Equip.'!V32="","<br>","<br>"&CONCATENATE(SUBSTITUTE('Máq.Equip.'!V32,CHAR(10),"<br>"),"<br>")) &IF(Z45=0,"",MID(Listas!$G$71,1,231)&Z45&MID(Listas!$G$71,232,59)&"<br><br>") &IF(AA45=0,"",MID(Listas!$H$71,1,156)&AA45&MID(Listas!$H$71,157,189)&"<br><br>") &IF(W45="Sim",Listas!$J$71,"") -> <br><br><br> | C45: =IF('Máq.Equip.'!N32<>"",CONCATENATE('Máq.Equip.'!N32,", ",'Máq.Equip.'!O32),"") | D45: ='Máq.Equip.'!A32 -> 0 | F45: ='Máq.Equip.'!S32 -> 0 | G45: ='Máq.Equip.'!R32 -> 0 | H45: ='Máq.Equip.'!C32 -> 0 | I45: ='Máq.Equip.'!D32 -> 0 | J45: ='Máq.Equip.'!J32 -> 0 | K45: ='Máq.Equip.'!H32 -> 0 | L45: =IF('Máq.Equip.'!I32="",999999999999,'Máq.Equip.'!I32) -> 999999999999 | M45: ='Máq.Equip.'!L32 -> 0 | N45: ='Máq.Equip.'!K32 -> 0 | T45: ='Máq.Equip.'!E32 -> 0 | W45: ='Máq.Equip.'!W32 -> 0 | Z45: ='Máq.Equip.'!X32 -> 0 | AA45: ='Máq.Equip.'!Y32 -> 0 | AB45: ='Máq.Equip.'!B32 -> 0 | AC45: ='Máq.Equip.'!T32 -> 0 | AD45: ='Máq.Equip.'!Q32 -> 0 | AE45: =LOOKUP(2^15,SEARCH(Listas!$L$39:$L$68,Q45),Listas!$L$39:$L$68) -> #N/A | AF45: =LOOKUP(2^15,SEARCH(Listas!$M$39:$M$43,AD45),Listas!$M$39:$M$43) -> #N/A | AG45: =LOOKUP(2^15,SEARCH(Listas!$N$39:$N$42,AD45),Listas!$N$39:$N$42) -> #N/A | AH45: =LOOKUP(2^15,SEARCH(Listas!$P$39:$P$44,AC45),Listas!$P$39:$P$44) -> #N/A | AI45: =LOOKUP(2^15,SEARCH(Listas!$O$39:$O$53,AC45),Listas!$O$39:$O$53) -> #N/A | AJ45: =LOOKUP(2^15,SEARCH(Listas!$R$39:$R$43,AD45),Listas!$R$39:$R$43) -> #N/A
A47: =Dec.Mob!F3 -> (Ref: ) | B47: ="" &"<br>" &IF(Dec.Mob!E3="","","<br>Referência Local: "&Dec.Mob!E3) &IF(Dec.Mob!O3="","","<br>"&Dec.Mob!O3) &IF(Dec.Mob!Y3="","","<br>Nº do patrimônio: "&Dec.Mob!Y3) &IF(Dec.Mob!S3="","","<br>Marca: "&Dec.Mob!S3) &IF(Dec.Mob!T3="","","<br>Modelo: "&Dec.Mob!T3) &IF(Dec.Mob!U3="","","<br>Série: "&Dec.Mob!U3) &IF(Dec.Mob!V3="","","<br>Tensão: "&Dec.Mob!V3) &IF(Dec.Mob!W3="","","<br>Capacidade: "&Dec.Mob!W3) &IF(Dec.Mob!P3="","","<br>Largura: "&Dec.Mob!P3&" CM") &IF(Dec.Mob!Q3="","","<br>Altura: "&Dec.Mob!Q3&" CM") &IF(Dec.Mob!R3="","","<br>Comprimento: "&Dec.Mob!R3&" CM") &IF(Dec.Mob!X3="","","<br>Local: "&Dec.Mob!X3) &IF(AND(Dec.Mob!AB3="",Dec.Mob!AA3=""),"<br><br>","<br><br>Observações: "&CONCATENATE(SUBSTITUTE(Dec.Mob!AB3,CHAR(10),"<br>"),"<br><b>",SUBSTITUTE(Dec.Mob!AA3,CHAR(10),"<br>"),"</b>")&"<br><br>") &IF(Z47=0,"",MID(Listas!$G$71,1,231)&Z47&MID(Listas!$G$71,232,59)&"<br><br>") &IF(AA47=0,"",MID(Listas!$H$71,1,156)&AA47&MID(Listas!$H$71,157,189)&"<br><br>") &IF(W47="Sim",Listas!$J$71,"") -> <br><br><br> | C47: =IF(Dec.Mob!AE3="",CONCATENATE(Dec.Mob!AF3,", ",Dec.Mob!AG3),Dec.Mob!AE3) -> , | D47: =Dec.Mob!A3 -> 0 | F47: =IF(ISBLANK(G47),1,"CONSTA UNIDADE MÉTRICA? RETIRAR OU INSERIR O FATOR MULTIPLICATIVO") -> 1 | H47: =Dec.Mob!C3 -> 0 | I47: =Dec.Mob!D3 -> 0 | J47: =Dec.Mob!I3 -> 0 | K47: =Dec.Mob!G3 -> 0 | L47: =IF(Dec.Mob!H3="",999999999999,Dec.Mob!H3) -> 999999999999 | M47: =Dec.Mob!AL3 -> 0 | N47: =Dec.Mob!J3 -> 0 | T47: =Dec.Mob!E3 -> 0 | W47: =Dec.Mob!AM3 -> 0 | Z47: =Dec.Mob!AN3 -> 0 | AA47: =Dec.Mob!AO3 -> 0 | AB47: =Dec.Mob!B3 -> 0 | AC47: =Dec.Mob!AJ3 -> 0 | AD47: =Dec.Mob!AI3 -> 0 | AE47: =LOOKUP(2^15,SEARCH(Listas!$L$39:$L$68,Q47),Listas!$L$39:$L$68) -> #N/A | AF47: =LOOKUP(2^15,SEARCH(Listas!$M$39:$M$43,AD47),Listas!$M$39:$M$43) -> #N/A | AG47: =LOOKUP(2^15,SEARCH(Listas!$N$39:$N$42,AD47),Listas!$N$39:$N$42) -> #N/A | AH47: =LOOKUP(2^15,SEARCH(Listas!$P$39:$P$44,AC47),Listas!$P$39:$P$44) -> #N/A | AI47: =LOOKUP(2^15,SEARCH(Listas!$O$39:$O$53,AC47),Listas!$O$39:$O$53) -> #N/A | AJ47: =LOOKUP(2^15,SEARCH(Listas!$R$39:$R$43,AD47),Listas!$R$39:$R$43) -> #N/A

Sheet LP
A1: LP Atual:
A2: Lote | B2: Status | C2: Proprietário | D2: Nome do produto | E2: Pendências | F2: Consultas (Restrições | Débitos) | G2: Ref. / Ativo-Frota | H2: Localização | I2: Valor Inicial (VI) - TOTAL | J2: Valor Mínimo de Venda (VMV) - TOTAL | K2: Valor Estimado de Recuperação (VER) - TOTAL | L2: Valor de Referência do Vendedor (VRV) - TOTAL | AV2: Regra Cores (Pendências/Retirado) | AW2: Regra Cores (Pendências/Stand-by) | AX2: Regra Cores (Restrições)
A3: =gestor!D16 -> 222 | B3: =gestor!AB16 -> 0 | C3: =gestor!P16 -> 0 | D3: =gestor!A16 -> 10 CAÇAMBAS PLÁSTICAS DESMONTÁVEIS COM TAMPA MEDINDO 800 X 760 X 500 MM REFORÇADAS (Ref.: 19461) | E3: =gestor!AD16 -> 0 | F3: =CONCATENATE(gestor!Q16," | ",TEXT(gestor!O16,"R$0.0,00")) -> | R$00,00 | G3: =gestor!T16 -> 19461 | H3: =gestor!C16 -> SÃO PAULO, SP | I3: =IF(ISNA(AV3),gestor!K16*gestor!F16,"") -> 5700 | J3: =IF(ISNA(AV3),IF(gestor!L16*gestor!F16<999999999999,gestor!L16*gestor!F16,""),"") -> 8500 | K3: =IF(ISNA(AV3),gestor!J16*gestor!F16,"") -> 0 | L3: =gestor!M16 -> 0 | AV3: =LOOKUP(2^15,SEARCH(Listas!$M$39:$M$43,E3),Listas!$M$39:$M$43) -> #N/A | AW3: =LOOKUP(2^15,SEARCH(Listas!$N$39:$N$42,E3),Listas!$N$39:$N$42) -> #N/A | AX3: =LOOKUP(2^15,SEARCH(Listas!$L$39:$L$68,F3),Listas!$L$39:$L$68) -> #N/A
A4: =gestor!D17 -> 223 | B4: =gestor!AB17 -> 0 | C4: =gestor!P17 -> 0 | D4: =gestor!A17 -> 10 CAÇAMBAS PLÁSTICAS DESMONTÁVEIS COM TAMPA MEDINDO 800 X 760 X 500 MM REFORÇADAS (Ref.: 19461) | E4: =gestor!AD17 -> 0 | F4: =CONCATENATE(gestor!Q17," | ",TEXT(gestor!O17,"R$0.0,00")) -> | R$00,00 | G4: =gestor!T17 -> 19461 | H4: =gestor!C17 -> SÃO PAULO, SP | I4: =IF(ISNA(AV4),gestor!K17*gestor!F17,"") -> 5700 | J4: =IF(ISNA(AV4),IF(gestor!L17*gestor!F17<999999999999,gestor!L17*gestor!F17,""),"") -> 8500 | K4: =IF(ISNA(AV4),gestor!J17*gestor!F17,"") -> 0 | L4: =gestor!M17 -> 0 | AV4: =LOOKUP(2^15,SEARCH(Listas!$M$39:$M$43,E4),Listas!$M$39:$M$43) -> #N/A | AW4: =LOOKUP(2^15,SEARCH(Listas!$N$39:$N$42,E4),Listas!$N$39:$N$42) -> #N/A | AX4: =LOOKUP(2^15,SEARCH(Listas!$L$39:$L$68,F4),Listas!$L$39:$L$68) -> #N/A
A5: =gestor!D18 -> 224 | B5: =gestor!AB18 -> 0 | C5: =gestor!P18 -> 0 | D5: =gestor!A18 -> 10 CAÇAMBAS PLÁSTICAS DESMONTÁVEIS COM TAMPA MEDINDO 800 X 760 X 500 MM REFORÇADAS (Ref.: 19461) | E5: =gestor!AD18 -> 0 | F5: =CONCATENATE(gestor!Q18," | ",TEXT(gestor!O18,"R$0.0,00")) -> | R$00,00 | G5: =gestor!T18 -> 19461 | H5: =gestor!C18 -> SÃO PAULO, SP | I5: =IF(ISNA(AV5),gestor!K18*gestor!F18,"") -> 5700 | J5: =IF(ISNA(AV5),IF(gestor!L18*gestor!F18<999999999999,gestor!L18*gestor!F18,""),"") -> 8500 | K5: =IF(ISNA(AV5),gestor!J18*gestor!F18,"") -> 0 | L5: =gestor!M18 -> 0 | AV5: =LOOKUP(2^15,SEARCH(Listas!$M$39:$M$43,E5),Listas!$M$39:$M$43) -> #N/A | AW5: =LOOKUP(2^15,SEARCH(Listas!$N$39:$N$42,E5),Listas!$N$39:$N$42) -> #N/A | AX5: =LOOKUP(2^15,SEARCH(Listas!$L$39:$L$68,F5),Listas!$L$39:$L$68) -> #N/A
A6: =gestor!D19 -> 0 | B6: =gestor!AB19 -> 0 | C6: =gestor!P19 -> 0 | D6: =gestor!A19 | E6: =gestor!AD19 -> 0 | F6: =CONCATENATE(gestor!Q19," | ",TEXT(gestor!O19,"R$0.0,00")) -> | R$00,00 | G6: =gestor!T19 -> 0 | H6: =gestor!C19 | I6: =IF(ISNA(AV6),gestor!K19*gestor!F19,"") -> 0 | J6: =IF(ISNA(AV6),IF(gestor!L19*gestor!F19<999999999999,gestor!L19*gestor!F19,""),"") -> 0 | K6: =IF(ISNA(AV6),gestor!J19*gestor!F19,"") -> 0 | L6: =gestor!M19 -> 0 | AV6: =LOOKUP(2^15,SEARCH(Listas!$M$39:$M$43,E6),Listas!$M$39:$M$43) -> #N/A | AW6: =LOOKUP(2^15,SEARCH(Listas!$N$39:$N$42,E6),Listas!$N$39:$N$42) -> #N/A | AX6: =LOOKUP(2^15,SEARCH(Listas!$L$39:$L$68,F6),Listas!$L$39:$L$68) -> #N/A
A7: =gestor!D20 -> 0 | B7: =gestor!AB20 -> 0 | C7: =gestor!P20 -> 0 | D7: =gestor!A20 | E7: =gestor!AD20 -> 0 | F7: =CONCATENATE(gestor!Q20," | ",TEXT(gestor!O20,"R$0.0,00")) -> | R$00,00 | G7: =gestor!T20 -> 0 | H7: =gestor!C20 | I7: =IF(ISNA(AV7),gestor!K20*gestor!F20,"") -> 0 | J7: =IF(ISNA(AV7),IF(gestor!L20*gestor!F20<999999999999,gestor!L20*gestor!F20,""),"") -> 0 | K7: =IF(ISNA(AV7),gestor!J20*gestor!F20,"") -> 0 | L7: =gestor!M20 -> 0 | AV7: =LOOKUP(2^15,SEARCH(Listas!$M$39:$M$43,E7),Listas!$M$39:$M$43) -> #N/A | AW7: =LOOKUP(2^15,SEARCH(Listas!$N$39:$N$42,E7),Listas!$N$39:$N$42) -> #N/A | AX7: =LOOKUP(2^15,SEARCH(Listas!$L$39:$L$68,F7),Listas!$L$39:$L$68) -> #N/A
A8: =gestor!D21 -> 0 | B8: =gestor!AB21 -> 0 | C8: =gestor!P21 -> 0 | D8: =gestor!A21 | E8: =gestor!AD21 -> 0 | F8: =CONCATENATE(gestor!Q21," | ",TEXT(gestor!O21,"R$0.0,00")) -> | R$00,00 | G8: =gestor!T21 -> 0 | H8: =gestor!C21 | I8: =IF(ISNA(AV8),gestor!K21*gestor!F21,"") -> 0 | J8: =IF(ISNA(AV8),IF(gestor!L21*gestor!F21<999999999999,gestor!L21*gestor!F21,""),"") -> 0 | K8: =IF(ISNA(AV8),gestor!J21*gestor!F21,"") -> 0 | L8: =gestor!M21 -> 0 | AV8: =LOOKUP(2^15,SEARCH(Listas!$M$39:$M$43,E8),Listas!$M$39:$M$43) -> #N/A | AW8: =LOOKUP(2^15,SEARCH(Listas!$N$39:$N$42,E8),Listas!$N$39:$N$42) -> #N/A | AX8: =LOOKUP(2^15,SEARCH(Listas!$L$39:$L$68,F8),Listas!$L$39:$L$68) -> #N/A
A9: =gestor!D22 -> 0 | B9: =gestor!AB22 -> 0 | C9: =gestor!P22 -> 0 | D9: =gestor!A22 | E9: =gestor!AD22 -> 0 | F9: =CONCATENATE(gestor!Q22," | ",TEXT(gestor!O22,"R$0.0,00")) -> | R$00,00 | G9: =gestor!T22 -> 0 | H9: =gestor!C22 | I9: =IF(ISNA(AV9),gestor!K22*gestor!F22,"") -> 0 | J9: =IF(ISNA(AV9),IF(gestor!L22*gestor!F22<999999999999,gestor!L22*gestor!F22,""),"") -> 0 | K9: =IF(ISNA(AV9),gestor!J22*gestor!F22,"") -> 0 | L9: =gestor!M22 -> 0 | AV9: =LOOKUP(2^15,SEARCH(Listas!$M$39:$M$43,E9),Listas!$M$39:$M$43) -> #N/A | AW9: =LOOKUP(2^15,SEARCH(Listas!$N$39:$N$42,E9),Listas!$N$39:$N$42) -> #N/A | AX9: =LOOKUP(2^15,SEARCH(Listas!$L$39:$L$68,F9),Listas!$L$39:$L$68) -> #N/A
A10: =gestor!D23 -> 0 | B10: =gestor!AB23 -> 0 | C10: =gestor!P23 -> 0 | D10: =gestor!A23 | E10: =gestor!AD23 -> 0 | F10: =CONCATENATE(gestor!Q23," | ",TEXT(gestor!O23,"R$0.0,00")) -> | R$00,00 | G10: =gestor!T23 -> 0 | H10: =gestor!C23 | I10: =IF(ISNA(AV10),gestor!K23*gestor!F23,"") -> 0 | J10: =IF(ISNA(AV10),IF(gestor!L23*gestor!F23<999999999999,gestor!L23*gestor!F23,""),"") -> 0 | K10: =IF(ISNA(AV10),gestor!J23*gestor!F23,"") -> 0 | L10: =gestor!M23 -> 0 | AV10: =LOOKUP(2^15,SEARCH(Listas!$M$39:$M$43,E10),Listas!$M$39:$M$43) -> #N/A | AW10: =LOOKUP(2^15,SEARCH(Listas!$N$39:$N$42,E10),Listas!$N$39:$N$42) -> #N/A | AX10: =LOOKUP(2^15,SEARCH(Listas!$L$39:$L$68,F10),Listas!$L$39:$L$68) -> #N/A
A11: =gestor!D24 -> 0 | B11: =gestor!AB24 -> 0 | C11: =gestor!P24 -> 0 | D11: =gestor!A24 | E11: =gestor!AD24 -> 0 | F11: =CONCATENATE(gestor!Q24," | ",TEXT(gestor!O24,"R$0.0,00")) -> | R$00,00 | G11: =gestor!T24 -> 0 | H11: =gestor!C24 | I11: =IF(ISNA(AV11),gestor!K24*gestor!F24,"") -> 0 | J11: =IF(ISNA(AV11),IF(gestor!L24*gestor!F24<999999999999,gestor!L24*gestor!F24,""),"") -> 0 | K11: =IF(ISNA(AV11),gestor!J24*gestor!F24,"") -> 0 | L11: =gestor!M24 -> 0 | AV11: =LOOKUP(2^15,SEARCH(Listas!$M$39:$M$43,E11),Listas!$M$39:$M$43) -> #N/A | AW11: =LOOKUP(2^15,SEARCH(Listas!$N$39:$N$42,E11),Listas!$N$39:$N$42) -> #N/A | AX11: =LOOKUP(2^15,SEARCH(Listas!$L$39:$L$68,F11),Listas!$L$39:$L$68) -> #N/A
A12: =gestor!D25 -> 0 | B12: =gestor!AB25 -> 0 | C12: =gestor!P25 -> 0 | D12: =gestor!A25 | E12: =gestor!AD25 -> 0 | F12: =CONCATENATE(gestor!Q25," | ",TEXT(gestor!O25,"R$0.0,00")) -> | R$00,00 | G12: =gestor!T25 -> 0 | H12: =gestor!C25 | I12: =IF(ISNA(AV12),gestor!K25*gestor!F25,"") -> 0 | J12: =IF(ISNA(AV12),IF(gestor!L25*gestor!F25<999999999999,gestor!L25*gestor!F25,""),"") -> 0 | K12: =IF(ISNA(AV12),gestor!J25*gestor!F25,"") -> 0 | L12: =gestor!M25 -> 0 | AV12: =LOOKUP(2^15,SEARCH(Listas!$M$39:$M$43,E12),Listas!$M$39:$M$43) -> #N/A | AW12: =LOOKUP(2^15,SEARCH(Listas!$N$39:$N$42,E12),Listas!$N$39:$N$42) -> #N/A | AX12: =LOOKUP(2^15,SEARCH(Listas!$L$39:$L$68,F12),Listas!$L$39:$L$68) -> #N/A
A13: =gestor!D26 -> 0 | B13: =gestor!AB26 -> 0 | C13: =gestor!P26 -> 0 | D13: =gestor!A26 | E13: =gestor!AD26 -> 0 | F13: =CONCATENATE(gestor!Q26," | ",TEXT(gestor!O26,"R$0.0,00")) -> | R$00,00 | G13: =gestor!T26 -> 0 | H13: =gestor!C26 | I13: =IF(ISNA(AV13),gestor!K26*gestor!F26,"") -> 0 | J13: =IF(ISNA(AV13),IF(gestor!L26*gestor!F26<999999999999,gestor!L26*gestor!F26,""),"") -> 0 | K13: =IF(ISNA(AV13),gestor!J26*gestor!F26,"") -> 0 | L13: =gestor!M26 -> 0 | AV13: =LOOKUP(2^15,SEARCH(Listas!$M$39:$M$43,E13),Listas!$M$39:$M$43) -> #N/A | AW13: =LOOKUP(2^15,SEARCH(Listas!$N$39:$N$42,E13),Listas!$N$39:$N$42) -> #N/A | AX13: =LOOKUP(2^15,SEARCH(Listas!$L$39:$L$68,F13),Listas!$L$39:$L$68) -> #N/A
A14: =gestor!D27 -> 0 | B14: =gestor!AB27 -> 0 | C14: =gestor!P27 -> 0 | D14: =gestor!A27 | E14: =gestor!AD27 -> 0 | F14: =CONCATENATE(gestor!Q27," | ",TEXT(gestor!O27,"R$0.0,00")) -> | R$00,00 | G14: =gestor!T27 -> 0 | H14: =gestor!C27 | I14: =IF(ISNA(AV14),gestor!K27*gestor!F27,"") -> 0 | J14: =IF(ISNA(AV14),IF(gestor!L27*gestor!F27<999999999999,gestor!L27*gestor!F27,""),"") -> 0 | K14: =IF(ISNA(AV14),gestor!J27*gestor!F27,"") -> 0 | L14: =gestor!M27 -> 0 | AV14: =LOOKUP(2^15,SEARCH(Listas!$M$39:$M$43,E14),Listas!$M$39:$M$43) -> #N/A | AW14: =LOOKUP(2^15,SEARCH(Listas!$N$39:$N$42,E14),Listas!$N$39:$N$42) -> #N/A | AX14: =LOOKUP(2^15,SEARCH(Listas!$L$39:$L$68,F14),Listas!$L$39:$L$68) -> #N/A
... A32: =gestor!D45 -> 0 | B32: =gestor!AB45 -> 0 | C32: =gestor!P45 -> 0 | D32: =gestor!A45 | E32: =gestor!AD45 -> 0 | F32: =CONCATENATE(gestor!Q45," | ",TEXT(gestor!O45,"R$0.0,00")) -> | R$00,00 | G32: =gestor!T45 -> 0 | H32: =gestor!C45 | I32: =IF(ISNA(AV32),gestor!K45*gestor!F45,"") -> 0 | J32: =IF(ISNA(AV32),IF(gestor!L45*gestor!F45<999999999999,gestor!L45*gestor!F45,""),"") -> 0 | K32: =IF(ISNA(AV32),gestor!J45*gestor!F45,"") -> 0 | L32: =gestor!M45 -> 0 | AV32: =LOOKUP(2^15,SEARCH(Listas!$M$39:$M$43,E32),Listas!$M$39:$M$43) -> #N/A | AW32: =LOOKUP(2^15,SEARCH(Listas!$N$39:$N$42,E32),Listas!$N$39:$N$42) -> #N/A | AX32: =LOOKUP(2^15,SEARCH(Listas!$L$39:$L$68,F32),Listas!$L$39:$L$68) -> #N/A
I33: =SUM(I3:I32) -> 17100 | J33: =SUM(J3:J32) -> 25500 | K33: =SUM(K3:K32) -> 0 | L33: =SUM(L3:L32) -> 0

Sheet Listas2
B2: Tipos de Problemas Por Condição de Partida
B4: Sim | C4: Não | D4: Não Testado
B5: Motor c/ Fumaça excessiva | C5: Motor c/ Fumaça excessiva
B6: Motor c/ Vazamentos | C6: Motor c/ Vazamentos
B7: Motor c/ Ruído anormal | C7: Motor c/ Ruído anormal
C8: Motor Fundido
C9: Motor Desmontado/Faltando partes, peças e componentes
C10: Motor Avariado/Faltando partes, peças e componentes
C11: Motor Avariado/Podendo Faltar partes, peças e componentes
C12: Falta Motor
B14: Tipos de Tração x Eixo
B16: Dois | C16: Três | D16: Quatro | E16: Cinco
B17: 4x2 | C17: 6x2 | D17: 8x2 | E17: 10x4
B18: 4x4 | C18: 6x4 | D18: 8x4

Sheet Listas
A1: Rádio | E1: Vidros | G1: Ar condicionado | K1: Direção | M1: Câmbio | P1: Motor | R1: Chassi | T1: Pneus | V1: Pintura
A2: Sim | E2: Elétricos | G2: Sim | K2: Hidráulica | M2: Manual | P2: Funcionando | R2: Sim | T2: Regulares | V2: Bom
A3: Não | E3: Manuais | G3: Avariado | K3: Mecânica | M3: Automático | P3: Não testado | R3: Não | T3: Ruins | V3: Regular
A4: Avariado | E4: Dianteiros Elétricos/Traseiros Manuais | G4: Não | K4: Avariada | M4: Automatizado | P4: Falta | T4: Faltam | V4: Ruim
M5: Falta | P5: Desmontado/Avariado, podendo faltar peças
M6: Desmontado/Avariado, podendo faltar peças | P6: Avariado/Podendo faltar peças e partes
F7: Combustível | M7: Avariado/Podendo faltar peças e partes | P7: Avariado/Faltando peças e partes
F8: Gasolina | M8: Avariado/Faltando peças e partes
F9: Diesel
B10: Lataria | C10: Bancos | F10: Flex (Álcool/Gasolina) | J10: Tapeçaria | L10: Urbano | O10: Combustível | S10: Rodas | U10: Tração | V10: Eixos
B11: Bom | C11: Tecido | F11: Flex/GNV | J11: Bom | L11: Rodoviário | O11: Gasolina | S11: Ferro | U11: 4x2 | V11: 2
B12: Regular | C12: Couro | F12: Gasolina/GNV | J12: Regular | O12: Flex (Álcool/Gasolina) | S12: Liga leve | U12: 4x4 | V12: 3
B13: Ruim | C13: Courvin | F13: Álcool | J13: Ruim | O13: Álcool | S13: Faltam | U13: 6x2 | V13: 4
C14: Couro/Tecido | F14: Álcool/GNV | J14: Falta | U14: 6x4 | V14: 5
C15: Fibra | F15: Elétrico | U15: 8x4
C16: Faltam | F16: Híbrido (Gasolina/Elétrico) | U16: 10x4
F17: Híbrido (Diesel/Elétrico)
B18: Cardan | E18: Diferencial | I18: Partida Elétrica | K18: Freio a Disco | N18: Eixo SR | P18: Combustível
B19: Sim | E19: Sim | F19: Tacógrafo | I19: Sim | K19: Sim | N19: 1 | P19: Diesel | R19: Câmbio
B20: Falta | E20: Falta | F20: Sim | I20: Não | K20: Não | N20: 2 | P20: Gasolina | R20: Manual
B21: Desmontado/Avariado, podendo faltar peças | E21: Desmontado/Avariado, podendo faltar peças | F21: Não | N21: 3 | P21: Álcool | R21: Automatizado
B22: Avariado | E22: Avariado | N22: 4 | R22: Semi-Automático
B23: Primeiro: Sim / Segundo: Falta | E23: Primeiro: Sim / Segundo: Falta | R23: Falta
B24: Primeiro: Falta / Segundo: Sim | E24: Primeiro: Falta / Segundo: Sim | R24: Desmontado/Avariado, podendo faltar peças
I25: Motor dá partida: | L25: Adicionar: Motor c/ problemas? | R25: Avariado/Podendo faltar peças e partes
R26: Avariado/Faltando peças e partes
I27: Sim | L27: Falta Motor
I28: Não | L28: Motor Desmontado/Faltando partes, peças e componentes
I29: Não Testado | L29: Motor Avariado/Faltando partes, peças e componentes
L30: Motor Avariado/Podendo Faltar partes, peças e componentes | R30: Débitos de estadia e remoção
L31: Fundido | R31: Sim
B32: Sucata | L32: Fumaçando
B33: TRUE | L33: C/ Vazamentos
B34: FALSE | L34: Barulho anormal
L38: Restrições | M38: Pendências (Vermelho) | N38: Pendências (Amarelo) | O38: Alterações | P38: Adicionado | Q38: Responsabilidade de Débitos | R38: Restrito (Grupo de Oferta)
L39: Alienação Fiduciária | M39: Retirado | N39: Stand-by | O39: Alterar | P39: Adicionado | Q39: Comprador | R39: Restrito
L40: Alienação | M40: Retirado a Pedido do Vendedor | N40: Stand by | O40: Alteração | P40: Adicionar | Q40: Vendedor | R40: Destinação Ambiental
L41: Alienacao | M41: Segregado | N41: Aguardar | O41: Alterações | P41: Novo | Q41: Indefinido | R41: CNPJ
L42: Alienaçao | M42: Segregado a Pedido do Vendedor | N42: Falta confirmação | O42: Descrição | P42: Adicional | R42: CPF
L43: Alienacão | M43: Excluído | O43: Descrição curta | P43: Incluir | R43: Ambiental
L44: Fiduciaria | O44: Descrição detalhada | P44: Subir
L45: Arrendamento Mercantil | O45: fotos
L46: Arred | O46: htm
L47: Arrendamento | O47: htms
L48: Mercantil | O48: valores
L49: Renajud | O49: vi
L50: Judicial | O50: vi's
L51: Administrativa | O51: ver
L52: Adm | O52: ver's
L53: Intenção de gravame | O53: vmv
L54: Benefício Tributário
L55: Beneficio
L56: Tributário
L57: Tributario
L58: Bloqueios Diversos
L59: Bloqueios
L60: Bloqueio
L61: Reserva de Domínio
L62: Reserva
L63: Domínio
L64: Dominio
L65: Restrição
... L68: Restricao
E70: Frase Débitos (Comprador) | G70: Frase (Buyers Premium) - LEILÃO | H70: Frase (Buyers Premium) - VENDA DIRETA | I70: Frase (Estadia e remoção) | J70: Frase (Taxas/Encargos adm)
E71: <br><br>Será de responsabilidade do comprador o pagamento dos débitos de eventuais multas de trânsito, licenciamento, DPVAT <br> (seguro obrigatório) e IPVA relativos ao(s) veículo(s) vendido(s) ainda que anteriores à data do evento.<br><br>Débitos em aberto: <b>Sujeito a alterações de acordo com os cadastros dos órgãos públicos até a data da transferência do veículo<br> | F71: Frase Débitos (Vendedor) | G71: <br><br>Além da comissão do Leiloeiro e dos encargos de administração, o comprador deverá pagar à empresa MaisAtivo <br>Intermediação de Ativos Ltda. (que utiliza o nome de fantasia SOLD) o Buyers Premium no valor correspondente a <br> sobre o preço da arrematação (valor do lance).<br><br> | H71: O comprador deverá pagar à empresa Maisativo Intermediação de Ativos Ltda. (que utiliza o nome de fantasia SOLD) o Buyers Premium no valor correspondente a <br> sobre o preço da proposta (compra).<br>Havendo interesse em realizar a visitação, dúvidas técnicas ou negociação, contate o time de vendas através do e-mail: vendas@superbid.net<br><br> | I71: <br>Consultar aba de <b>VALORES A PAGAR</b> para outras despesas a pagar como: estadia, remoção e descaracterização<br> <b> | J71: <br>Além das comissões, o comprador deverá pagar encargos de administração, conforme estipulado nas Condições de Venda e Pagamento, previamente aceitas para participar do evento<br><br>
E72: <b>Sujeito a alterações de acordo com os cadastros dos órgãos públicos até a data da transferência do veículo<br> | F72: <br><br>Será de responsabilidade da empresa vendedora o pagamento dos débitos de eventuais multas de trânsito e IPVA relativos<br>ao(s) veículo(s) vendido(s) e anteriores à data do evento (exceto parcelas vincendas do IPVA, quando houver, as quais serão<br> suportadas pelo(s) comprador(es)). <br>
E73: =LEN(E72) -> 113 | F73: =LEN(F72) -> 297

Sheet Veic.Leves
E1: ### Veículos Leves e Utilitários ### 2024_v_9.3
A2: Nº do lote | B2: Status | C2: Referência Núm (Importação) | D2: ID do projeto | E2: Lote Ref. / Ativo-Frota | F2: Lote | G2: VI | H2: VMV (Valor Mínimo de Venda) | I2: VER | J2: Incremento | K2: Tabela Molicar | L2: Tabela Fipe | M2: Proprietário/CNPJ (Proprietário do documento) | N2: Restrições | O2: Débitos (Total) | P2: Tipo | Q2: Marca (SEMPRE MAIUSCULA) | R2: Modelo (SEMPRE MAIUSCULA) | S2: Ano Fab/Modelo | T2: Placa (colocar apenas a placa e qual UF está registrada) (SEMPRE MAIUSCULA - EX.: XXX1234 (UF)) | U2: Chassi (SEMPRE MAIUSCULA) | V2: Renavam | W2: Cor | X2: Combustível | Y2: Endereço (via geolocalização Memento) | Z2: Município | AA2: UF | AB2: Assessor | AC2: Nº de Portas | AD2: Quilometragem (Número) | AE2: Obs da quilometragem | AF2: Motor | AG2: Câmbio | AH2: Direção | AI2: Ar condicionado | AJ2: Vidros | AK2: Rodas | AL2: Banco | AM2: Aparelho de Som | AN2: Pintura | AO2: Lataria | AP2: Tapeçaria | AQ2: Pneus | AR2: Obs. | AS2: Informações para análise técnica | AT2: Pendências | AU2: Respons. De Débitos | AV2: . Alteração/Adicionado | AW2: Descrição Html | AX2: Valor de Referência do Vendedor | AY2: Débitos de Estadia e Remoção | AZ2: Taxas ADM | BA2: % Buyers Premium (Uso Cadastro) - LEILÃO | BB2: % Buyers Premium (Uso Cadastro) - VENDA DIRETA | BC2: Atualização 1 | BD2: Atualização 2 | BE2: Atualização 3 | BF2: Atualização 4 | BG2: Atualização 5
F3: =Q3&" "&R3&", "&S3&", PL.: "&T3&", CH.: "&TRIM(U3) &IF(E3="",""," (Ref.: "&E3&")") -> , , PL.: , CH.:
F4: =Q4&" "&R4&", "&S4&", PL.: "&T4&", CH.: "&TRIM(U4) &IF(E4="",""," (Ref.: "&E4&")") -> , , PL.: , CH.:
F5: =Q5&" "&R5&", "&S5&", PL.: "&T5&", CH.: "&TRIM(U5) &IF(E5="",""," (Ref.: "&E5&")") -> , , PL.: , CH.:
F6: =Q6&" "&R6&", "&S6&", PL.: "&T6&", CH.: "&TRIM(U6) &IF(E6="",""," (Ref.: "&E6&")") -> , , PL.: , CH.:
F7: =Q7&" "&R7&", "&S7&", PL.: "&T7&", CH.: "&TRIM(U7) &IF(E7="",""," (Ref.: "&E7&")") -> , , PL.: , CH.:
F8: =Q8&" "&R8&", "&S8&", PL.: "&T8&", CH.: "&TRIM(U8) &IF(E8="",""," (Ref.: "&E8&")") -> , , PL.: , CH.:
F9: =Q9&" "&R9&", "&S9&", PL.: "&T9&", CH.: "&TRIM(U9) &IF(E9="",""," (Ref.: "&E9&")") -> , , PL.: , CH.:
F10: =Q10&" "&R10&", "&S10&", PL.: "&T10&", CH.: "&TRIM(U10) &IF(E10="",""," (Ref.: "&E10&")") -> , , PL.: , CH.:
F11: =Q11&" "&R11&", "&S11&", PL.: "&T11&", CH.: "&TRIM(U11) &IF(E11="",""," (Ref.: "&E11&")") -> , , PL.: , CH.:
F12: =Q12&" "&R12&", "&S12&", PL.: "&T12&", CH.: "&TRIM(U12) &IF(E12="",""," (Ref.: "&E12&")") -> , , PL.: , CH.:
F13: =Q13&" "&R13&", "&S13&", PL.: "&T13&", CH.: "&TRIM(U13) &IF(E13="",""," (Ref.: "&E13&")") -> , , PL.: , CH.:
F14: =Q14&" "&R14&", "&S14&", PL.: "&T14&", CH.: "&TRIM(U14) &IF(E14="",""," (Ref.: "&E14&")") -> , , PL.: , CH.:
... F200: =Q200&" "&R200&", "&S200&", PL.: "&T200&", CH.: "&TRIM(U200) &IF(E200="",""," (Ref.: "&E200&")") -> , , PL.: , CH.:

Sheet Camin.
E1: ### Caminhões e Cavalos Mecânicos ###
A2: Nº do lote | B2: Status | C2: Referência Núm (Importação) | D2: ID do projeto | E2: Lote Ref. / Ativo-Frota | F2: Lote | G2: VI | H2: VMV (Valor Mínimo de Venda) | I2: VER | J2: Incremento | K2: Tabela Molicar | L2: Tabela Fipe | M2: Proprietário/CNPJ (Proprietário do documento) | N2: Restrições | O2: Débitos (Total) | P2: Tipo | Q2: Marca (SEMPRE MAIUSCULA) | R2: Modelo (SEMPRE MAIUSCULA) | S2: Ano Fab/Modelo | T2: Placa (colocar apenas a placa e qual UF está registrada) (SEMPRE MAIUSCULA - EX.: XXX1234 (UF)) | U2: Chassi (SEMPRE MAIUSCULA) | V2: Renavam | W2: Cor | X2: Combustível | Y2: Endereço (via geolocalização Memento) | Z2: Município | AA2: UF | AB2: Assessor | AC2: Nome (CAMINHÃO + CARROCERIA OU CAVALO MECÂNICO) | AD2: Quilometragem (Número) | AE2: Obs da quilometragem | AF2: Eixos | AG2: Tração | AH2: Carroceria | AI2: Cardan | AJ2: Diferencial | AK2: Motor | AL2: Câmbio | AM2: Tapeçaria/Forração | AN2: Pintura | AO2: Lataria | AP2: Bancos | AQ2: Qtd. De pneus | AR2: Estado dos pneus | AS2: Obs. | AT2: Informações para análise técnica | AU2: Pendências | AV2: Respons. De Débitos | AW2: . Alteração/Adicionado | AX2: Descrição HTML | AY2: Valor de Referência do Vendedor | AZ2: Débitos de Estadia e Remoção | BA2: Taxas ADM | BB2: % Buyers Premium (Uso Cadastro) - LEILÃO | BC2: % Buyers Premium (Uso Cadastro) - VENDA DIRETA | BD2: Atualização 1 | BE2: Atualização 2 | BF2: Atualização 3 | BG2: Atualização 4 | BH2: Atualização 5
F3: =AC3&" "&Q3&" "& R3&", "&S3&", PL.: "&T3&", CH.: "&TRIM(U3) &IF(E3="",""," (Ref.: "&E3&")") -> , , PL.: , CH.:
F4: =AC4&" "&Q4&" "& R4&", "&S4&", PL.: "&T4&", CH.: "&TRIM(U4) &IF(E4="",""," (Ref.: "&E4&")") -> , , PL.: , CH.:
F5: =AC5&" "&Q5&" "& R5&", "&S5&", PL.: "&T5&", CH.: "&TRIM(U5) &IF(E5="",""," (Ref.: "&E5&")") -> , , PL.: , CH.:
F6: =AC6&" "&Q6&" "& R6&", "&S6&", PL.: "&T6&", CH.: "&TRIM(U6) &IF(E6="",""," (Ref.: "&E6&")") -> , , PL.: , CH.:
F7: =AC7&" "&Q7&" "& R7&", "&S7&", PL.: "&T7&", CH.: "&TRIM(U7) &IF(E7="",""," (Ref.: "&E7&")") -> , , PL.: , CH.:
F8: =AC8&" "&Q8&" "& R8&", "&S8&", PL.: "&T8&", CH.: "&TRIM(U8) &IF(E8="",""," (Ref.: "&E8&")") -> , , PL.: , CH.:
F9: =AC9&" "&Q9&" "& R9&", "&S9&", PL.: "&T9&", CH.: "&TRIM(U9) &IF(E9="",""," (Ref.: "&E9&")") -> , , PL.: , CH.:
F10: =AC10&" "&Q10&" "& R10&", "&S10&", PL.: "&T10&", CH.: "&TRIM(U10) &IF(E10="",""," (Ref.: "&E10&")") -> , , PL.: , CH.:
F11: =AC11&" "&Q11&" "& R11&", "&S11&", PL.: "&T11&", CH.: "&TRIM(U11) &IF(E11="",""," (Ref.: "&E11&")") -> , , PL.: , CH.:
F12: =AC12&" "&Q12&" "& R12&", "&S12&", PL.: "&T12&", CH.: "&TRIM(U12) &IF(E12="",""," (Ref.: "&E12&")") -> , , PL.: , CH.:
F13: =AC13&" "&Q13&" "& R13&", "&S13&", PL.: "&T13&", CH.: "&TRIM(U13) &IF(E13="",""," (Ref.: "&E13&")") -> , , PL.: , CH.:
F14: =AC14&" "&Q14&" "& R14&", "&S14&", PL.: "&T14&", CH.: "&TRIM(U14) &IF(E14="",""," (Ref.: "&E14&")") -> , , PL.: , CH.:
... F130: =AC130&" "&Q130&" "& R130&", "&S130&", PL.: "&T130&", CH.: "&TRIM(U130) &IF(E130="",""," (Ref.: "&E130&")") -> , , PL.: , CH.:

Sheet Ônib.
E1: ### Ônibus ###
A2: Nº do lote | B2: Status | C2: Referência Núm (Importação) | D2: ID do projeto | E2: Lote Ref. / Ativo-Frota | F2: Lote | G2: VI | H2: VMV (Valor Mínimo de Venda) | I2: VER | J2: Incremento | K2: Tabela Molicar | L2: Tabela Fipe | M2: Proprietário/CNPJ (Proprietário do documento) | N2: Restrições | O2: Débitos (Total) | P2: Tipo | Q2: Marca (SEMPRE MAIUSCULA) | R2: Modelo (SEMPRE MAIUSCULA) | S2: Ano Fab/Modelo | T2: Placa (colocar apenas a placa e qual UF está registrada) (SEMPRE MAIUSCULA - EX.: XXX1234 (UF)) | U2: Chassi (SEMPRE MAIUSCULA) | V2: Renavam | W2: Cor | X2: Combustível | Y2: Endereço (via geolocalização Memento) | Z2: Município | AA2: UF | AB2: Assessor | AC2: Nome (ÔNIBUS URBANO OU ÔNIBUS RODOVIÁRIO) | AD2: Quilometragem (Número) | AE2: Obs da quilometragem | AF2: Motor | AG2: Câmbio | AH2: Pintura | AI2: Lataria | AJ2: Bancos | AK2: Tapeçaria/Forração | AL2: Qtd. De Pneus | AM2: Estado dos Pneus | AN2: Tipo (Urbano ou Rodoviário) | AO2: Quantidade de Lugares | AP2: Obs. | AQ2: Informações para análise técnica | AR2: Pendências | AS2: Respons. De Débitos | AT2: . Alteração/Adicionado | AU2: Descrição HTML | AV2: Valor de Referência do Vendedor | AW2: Débitos de Estadia e Remoção | AX2: Taxas ADM | AY2: % Buyers Premium (Uso Cadastro) - LEILÃO | AZ2: % Buyers Premium (Uso Cadastro) - VENDA DIRETA | BA2: Atualização 1 | BB2: Atualização 2 | BC2: Atualização 3 | BD2: Atualização 4 | BE2: Atualização 5
F3: =AC3&" "&Q3&" "&R3&", "&S3&", PL.: "&T3&", CH.: "&TRIM(U3) &IF(E3="",""," (Ref.: "&E3&")") -> , , PL.: , CH.:
F4: =AC4&" "&Q4&" "&R4&", "&S4&", PL.: "&T4&", CH.: "&TRIM(U4) &IF(E4="",""," (Ref.: "&E4&")") -> , , PL.: , CH.:
F5: =AC5&" "&Q5&" "&R5&", "&S5&", PL.: "&T5&", CH.: "&TRIM(U5) &IF(E5="",""," (Ref.: "&E5&")") -> , , PL.: , CH.:
F6: =AC6&" "&Q6&" "&R6&", "&S6&", PL.: "&T6&", CH.: "&TRIM(U6) &IF(E6="",""," (Ref.: "&E6&")") -> , , PL.: , CH.:
F7: =AC7&" "&Q7&" "&R7&", "&S7&", PL.: "&T7&", CH.: "&TRIM(U7) &IF(E7="",""," (Ref.: "&E7&")") -> , , PL.: , CH.:
F8: =AC8&" "&Q8&" "&R8&", "&S8&", PL.: "&T8&", CH.: "&TRIM(U8) &IF(E8="",""," (Ref.: "&E8&")") -> , , PL.: , CH.:
F9: =AC9&" "&Q9&" "&R9&", "&S9&", PL.: "&T9&", CH.: "&TRIM(U9) &IF(E9="",""," (Ref.: "&E9&")") -> , , PL.: , CH.:
F10: =AC10&" "&Q10&" "&R10&", "&S10&", PL.: "&T10&", CH.: "&TRIM(U10) &IF(E10="",""," (Ref.: "&E10&")") -> , , PL.: , CH.:
F11: =AC11&" "&Q11&" "&R11&", "&S11&", PL.: "&T11&", CH.: "&TRIM(U11) &IF(E11="",""," (Ref.: "&E11&")") -> , , PL.: , CH.:
F12: =AC12&" "&Q12&" "&R12&", "&S12&", PL.: "&T12&", CH.: "&TRIM(U12) &IF(E12="",""," (Ref.: "&E12&")") -> , , PL.: , CH.:
F13: =AC13&" "&Q13&" "&R13&", "&S13&", PL.: "&T13&", CH.: "&TRIM(U13) &IF(E13="",""," (Ref.: "&E13&")") -> , , PL.: , CH.:
F14: =AC14&" "&Q14&" "&R14&", "&S14&", PL.: "&T14&", CH.: "&TRIM(U14) &IF(E14="",""," (Ref.: "&E14&")") -> , , PL.: , CH.:
... F130: =AC130&" "&Q130&" "&R130&", "&S130&", PL.: "&T130&", CH.: "&TRIM(U130) &IF(E130="",""," (Ref.: "&E130&")") -> , , PL.: , CH.:

Sheet Semirreb.Reb
E1: ### Semirreboques e Reboques ###
A2: Nº do lote | B2: Status | C2: Referência Núm (Importação) | D2: ID do projeto | E2: Lote Ref. / Ativo-Frota | F2: Lote | G2: VI | H2: VMV (Valor Mínimo de Venda) | I2: VER | J2: Incremento | K2: Proprietário/CNPJ (Proprietário do documento) | L2: Restrições | M2: Débitos (Total) | N2: Tipo | O2: Marca (SEMPRE MAIUSCULA) | P2: Modelo (SEMPRE MAIUSCULA) | Q2: Ano Fab/Modelo | R2: Placa (colocar apenas a placa e qual UF está registrada) (SEMPRE MAIUSCULA - EX.: XXX1234 (UF)) | S2: Chassi (SEMPRE MAIUSCULA) | T2: Renavam | U2: Cor | V2: Combustível | W2: Endereço (via geolocalização Memento) | X2: Município | Y2: UF | Z2: Assessor | AA2: Nome (SEMIRREBOQUE + CARROCERIA OU REBOQUE + CARROCERIA) | AB2: Eixos | AC2: Carroceria / Capacidade / Estado Geral | AD2: Medidas (Em metros) | AE2: Lataria/Pintura | AF2: Qtd. De Pneus | AG2: Estado dos Pneus | AH2: Obs. | AI2: Informações para análise técnica | AJ2: Pendências | AK2: Respons. De Débitos | AL2: . Alteração/Adicionado | AM2: Descrição HTML | AN2: Valor de Referência do Vendedor | AO2: Débitos de Estadia e Remoção | AP2: Taxas ADM | AQ2: % Buyers Premium (Uso Cadastro) - LEILÃO | AR2: % Buyers Premium (Uso Cadastro) - VENDA DIRETA | AS2: Atualização 1 | AT2: Atualização 2 | AU2: Atualização 3 | AV2: Atualização 4 | AW2: Atualização 5
F3: =AA3&" "&O3&" "& P3&", "&Q3&", PL.: "&R3&", CH.: "&TRIM(S3) &IF(E3="",""," (Ref.: "&E3&")") -> , , PL.: , CH.:
F4: =AA4&" "&O4&" "& P4&", "&Q4&", PL.: "&R4&", CH.: "&TRIM(S4) &IF(E4="",""," (Ref.: "&E4&")") -> , , PL.: , CH.:
F5: =AA5&" "&O5&" "& P5&", "&Q5&", PL.: "&R5&", CH.: "&TRIM(S5) &IF(E5="",""," (Ref.: "&E5&")") -> , , PL.: , CH.:
F6: =AA6&" "&O6&" "& P6&", "&Q6&", PL.: "&R6&", CH.: "&TRIM(S6) &IF(E6="",""," (Ref.: "&E6&")") -> , , PL.: , CH.:
F7: =AA7&" "&O7&" "& P7&", "&Q7&", PL.: "&R7&", CH.: "&TRIM(S7) &IF(E7="",""," (Ref.: "&E7&")") -> , , PL.: , CH.:
F8: =AA8&" "&O8&" "& P8&", "&Q8&", PL.: "&R8&", CH.: "&TRIM(S8) &IF(E8="",""," (Ref.: "&E8&")") -> , , PL.: , CH.:
F9: =AA9&" "&O9&" "& P9&", "&Q9&", PL.: "&R9&", CH.: "&TRIM(S9) &IF(E9="",""," (Ref.: "&E9&")") -> , , PL.: , CH.:
F10: =AA10&" "&O10&" "& P10&", "&Q10&", PL.: "&R10&", CH.: "&TRIM(S10) &IF(E10="",""," (Ref.: "&E10&")") -> , , PL.: , CH.:
F11: =AA11&" "&O11&" "& P11&", "&Q11&", PL.: "&R11&", CH.: "&TRIM(S11) &IF(E11="",""," (Ref.: "&E11&")") -> , , PL.: , CH.:
F12: =AA12&" "&O12&" "& P12&", "&Q12&", PL.: "&R12&", CH.: "&TRIM(S12) &IF(E12="",""," (Ref.: "&E12&")") -> , , PL.: , CH.:
F13: =AA13&" "&O13&" "& P13&", "&Q13&", PL.: "&R13&", CH.: "&TRIM(S13) &IF(E13="",""," (Ref.: "&E13&")") -> , , PL.: , CH.:
F14: =AA14&" "&O14&" "& P14&", "&Q14&", PL.: "&R14&", CH.: "&TRIM(S14) &IF(E14="",""," (Ref.: "&E14&")") -> , , PL.: , CH.:
... F150: =AA150&" "&O150&" "& P150&", "&Q150&", PL.: "&R150&", CH.: "&TRIM(S150) &IF(E150="",""," (Ref.: "&E150&")") -> , , PL.: , CH.:

Sheet Motos
E1: ### Motos ###
A2: Nº do lote | B2: Status | C2: Referência Núm (Importação) | D2: ID do projeto | E2: Lote Ref. / Ativo-Frota | F2: Lote | G2: VI | H2: VMV (Valor Mínimo de Venda) | I2: VER | J2: Incremento | K2: Tabela Molicar | L2: Tabela Fipe | M2: Proprietário/CNPJ (Proprietário do documento) | N2: Restrições | O2: Débitos (Total) | P2: Tipo | Q2: Marca (SEMPRE MAIUSCULA) | R2: Modelo (SEMPRE MAIUSCULA) | S2: Ano Fab/Modelo | T2: Placa (colocar apenas a placa e qual UF está registrada) (SEMPRE MAIUSCULA - EX.: XXX1234 (UF)) | U2: Chassi (SEMPRE MAIUSCULA) | V2: Renavam | W2: Cor | X2: Combustível | Y2: Endereço (via geolocalização Memento) | Z2: Município | AA2: UF | AB2: Assessor | AC2: Quilometragem (Número) | AD2: Obs da quilometragem | AE2: Motor | AF2: Partida Elétrica | AG2: Freio a Disco | AH2: Pintura | AI2: Lataria | AJ2: Banco | AK2: Pneus | AL2: Obs. | AM2: Informações para análise técnica | AN2: Pendências | AO2: Respons. De Débitos | AP2: . Alteração/Adicionado | AQ2: Descrição HTML | AR2: Valor de Referência do Vendedor | AS2: Débitos de Estadia e Remoção | AT2: Taxas ADM | AU2: % Buyers Premium (Uso Cadastro) - LEILÃO | AV2: % Buyers Premium (Uso Cadastro) - VENDA DIRETA | AW2: Atualização 1 | AX2: Atualização 2 | AY2: Atualização 3 | AZ2: Atualização 4 | BA2: Atualização 5
F3: =Q3&" "& R3&", "&S3&", PL.: "&T3&", CH.: "&TRIM(U3) &IF(E3="",""," (Ref.: "&E3&")") -> , , PL.: , CH.:
F4: =Q4&" "& R4&", "&S4&", PL.: "&T4&", CH.: "&TRIM(U4) &IF(E4="",""," (Ref.: "&E4&")") -> , , PL.: , CH.:
F5: =Q5&" "& R5&", "&S5&", PL.: "&T5&", CH.: "&TRIM(U5) &IF(E5="",""," (Ref.: "&E5&")") -> , , PL.: , CH.:
F6: =Q6&" "& R6&", "&S6&", PL.: "&T6&", CH.: "&TRIM(U6) &IF(E6="",""," (Ref.: "&E6&")") -> , , PL.: , CH.:
F7: =Q7&" "& R7&", "&S7&", PL.: "&T7&", CH.: "&TRIM(U7) &IF(E7="",""," (Ref.: "&E7&")") -> , , PL.: , CH.:
F8: =Q8&" "& R8&", "&S8&", PL.: "&T8&", CH.: "&TRIM(U8) &IF(E8="",""," (Ref.: "&E8&")") -> , , PL.: , CH.:
F9: =Q9&" "& R9&", "&S9&", PL.: "&T9&", CH.: "&TRIM(U9) &IF(E9="",""," (Ref.: "&E9&")") -> , , PL.: , CH.:
F10: =Q10&" "& R10&", "&S10&", PL.: "&T10&", CH.: "&TRIM(U10) &IF(E10="",""," (Ref.: "&E10&")") -> , , PL.: , CH.:
F11: =Q11&" "& R11&", "&S11&", PL.: "&T11&", CH.: "&TRIM(U11) &IF(E11="",""," (Ref.: "&E11&")") -> , , PL.: , CH.:
F12: =Q12&" "& R12&", "&S12&", PL.: "&T12&", CH.: "&TRIM(U12) &IF(E12="",""," (Ref.: "&E12&")") -> , , PL.: , CH.:
F13: =Q13&" "& R13&", "&S13&", PL.: "&T13&", CH.: "&TRIM(U13) &IF(E13="",""," (Ref.: "&E13&")") -> , , PL.: , CH.:
F14: =Q14&" "& R14&", "&S14&", PL.: "&T14&", CH.: "&TRIM(U14) &IF(E14="",""," (Ref.: "&E14&")") -> , , PL.: , CH.:
... F150: =Q150&" "& R150&", "&S150&", PL.: "&T150&", CH.: "&TRIM(U150) &IF(E150="",""," (Ref.: "&E150&")") -> , , PL.: , CH.:

Sheet Máq.Pes.
E1: ### Máquinas Pesadas, Tratores e Empilhadeiras ###
A2: Nº do lote | B2: Status | C2: Referência Núm (Importação) | D2: ID do projeto | E2: Lote Ref. / Ativo-Frota | F2: Lote | G2: VI | H2: VMV (Valor Mínimo de Venda) | I2: VER | J2: Incremento | K2: Comitente | L2: Município | M2: UF | N2: Assessor | O2: Nome (SEMPRE MAÍUSCULA) | P2: Marca (SEMPRE MAIUSCULA) | Q2: Modelo (SEMPRE MAIUSCULA) | R2: Ano | S2: Série (SEMPRE MAIUSCULA) | T2: Horímetro | U2: Motor | V2: Pneus (Qtd e estado) | W2: Tração | X2: Capacidade | Y2: Combustível | Z2: Nº do ativo | AA2: OBS. | AB2: Informações para análise técnica | AC2: Pendências | AD2: Restrições | AE2: Débitos (Total) | AF2: . Alteração/Adicionado | AG2: Descrição HTML | AH2: Valor de Referência do Vendedor | AI2: Débitos de Estadia e Remoção | AJ2: Taxas ADM | AK2: % Buyers Premium (Uso Cadastro) - LEILÃO | AL2: % Buyers Premium (Uso Cadastro) - VENDA DIRETA | AM2: Atualização 1 | AN2: Atualização 2 | AO2: Atualização 3 | AP2: Atualização 4 | AQ2: Atualização 5
F3: =O3 &" "&P3 &" "&Q3 &IF(W3="",""," "&W3) &IF(R3="","",", ANO: "&R3) &IF(X3="","",", CAP: "&X3) &IF(S3="", ", SÉRIE: NÃO IDENTIFICADO", ", SÉRIE: " &S3) &IF(E3="",""," (Ref: "&E3&")") -> , SÉRIE: NÃO IDENTIFICADO
F4: =O4 &" "&P4 &" "&Q4 &IF(W4="",""," "&W4) &IF(R4="","",", ANO: "&R4) &IF(X4="","",", CAP: "&X4) &IF(S4="", ", SÉRIE: NÃO IDENTIFICADO", ", SÉRIE: " &S4) &IF(E4="",""," (Ref: "&E4&")") -> , SÉRIE: NÃO IDENTIFICADO
F5: =O5 &" "&P5 &" "&Q5 &IF(W5="",""," "&W5) &IF(R5="","",", ANO: "&R5) &IF(X5="","",", CAP: "&X5) &IF(S5="", ", SÉRIE: NÃO IDENTIFICADO", ", SÉRIE: " &S5) &IF(E5="",""," (Ref: "&E5&")") -> , SÉRIE: NÃO IDENTIFICADO
F6: =O6 &" "&P6 &" "&Q6 &IF(W6="",""," "&W6) &IF(R6="","",", ANO: "&R6) &IF(X6="","",", CAP: "&X6) &IF(S6="", ", SÉRIE: NÃO IDENTIFICADO", ", SÉRIE: " &S6) &IF(E6="",""," (Ref: "&E6&")") -> , SÉRIE: NÃO IDENTIFICADO
F7: =O7 &" "&P7 &" "&Q7 &IF(W7="",""," "&W7) &IF(R7="","",", ANO: "&R7) &IF(X7="","",", CAP: "&X7) &IF(S7="", ", SÉRIE: NÃO IDENTIFICADO", ", SÉRIE: " &S7) &IF(E7="",""," (Ref: "&E7&")") -> , SÉRIE: NÃO IDENTIFICADO
F8: =O8 &" "&P8 &" "&Q8 &IF(W8="",""," "&W8) &IF(R8="","",", ANO: "&R8) &IF(X8="","",", CAP: "&X8) &IF(S8="", ", SÉRIE: NÃO IDENTIFICADO", ", SÉRIE: " &S8) &IF(E8="",""," (Ref: "&E8&")") -> , SÉRIE: NÃO IDENTIFICADO
F9: =O9 &" "&P9 &" "&Q9 &IF(W9="",""," "&W9) &IF(R9="","",", ANO: "&R9) &IF(X9="","",", CAP: "&X9) &IF(S9="", ", SÉRIE: NÃO IDENTIFICADO", ", SÉRIE: " &S9) &IF(E9="",""," (Ref: "&E9&")") -> , SÉRIE: NÃO IDENTIFICADO
F10: =O10 &" "&P10 &" "&Q10 &IF(W10="",""," "&W10) &IF(R10="","",", ANO: "&R10) &IF(X10="","",", CAP: "&X10) &IF(S10="", ", SÉRIE: NÃO IDENTIFICADO", ", SÉRIE: " &S10) &IF(E10="",""," (Ref: "&E10&")") -> , SÉRIE: NÃO IDENTIFICADO
F11: =O11 &" "&P11 &" "&Q11 &IF(W11="",""," "&W11) &IF(R11="","",", ANO: "&R11) &IF(X11="","",", CAP: "&X11) &IF(S11="", ", SÉRIE: NÃO IDENTIFICADO", ", SÉRIE: " &S11) &IF(E11="",""," (Ref: "&E11&")") -> , SÉRIE: NÃO IDENTIFICADO
F12: =O12 &" "&P12 &" "&Q12 &IF(W12="",""," "&W12) &IF(R12="","",", ANO: "&R12) &IF(X12="","",", CAP: "&X12) &IF(S12="", ", SÉRIE: NÃO IDENTIFICADO", ", SÉRIE: " &S12) &IF(E12="",""," (Ref: "&E12&")") -> , SÉRIE: NÃO IDENTIFICADO
F13: =O13 &" "&P13 &" "&Q13 &IF(W13="",""," "&W13) &IF(R13="","",", ANO: "&R13) &IF(X13="","",", CAP: "&X13) &IF(S13="", ", SÉRIE: NÃO IDENTIFICADO", ", SÉRIE: " &S13) &IF(E13="",""," (Ref: "&E13&")") -> , SÉRIE: NÃO IDENTIFICADO
F14: =O14 &" "&P14 &" "&Q14 &IF(W14="",""," "&W14) &IF(R14="","",", ANO: "&R14) &IF(X14="","",", CAP: "&X14) &IF(S14="", ", SÉRIE: NÃO IDENTIFICADO", ", SÉRIE: " &S14) &IF(E14="",""," (Ref: "&E14&")") -> , SÉRIE: NÃO IDENTIFICADO
... F150: =O150 &" "&P150 &" "&Q150 &IF(W150="",""," "&W150) &IF(R150="","",", ANO: "&R150) &IF(X150="","",", CAP: "&X150) &IF(S150="", ", SÉRIE: NÃO IDENTIFICADO", ", SÉRIE: " &S150) &IF(E150="",""," (Ref: "&E150&")") -> , SÉRIE: NÃO IDENTIFICADO

Sheet Máq.Pes. e Máq.Equip. 1.2 
A2: Nº do lote | B2: Referência Núm (Importação) | C2: ID do projeto | D2: Status | E2: Lote/Título | F2: VI | G2: VMV | H2: VER | I2: Incremento | J2: Município | K2: UF | L2: Valor de Referência do Vendedor (VRV) | M2: Tipo de template | N2: Segmento | O2: Vendedor | P2: Geolocalização | Q2: Endereço (via geolocalização Memento) | R2: Técnico | S2: Lote Ref. / Ativo-Frota | T2: Sucata | U2: Nome (Fixo) | V2: Nome (Personalizado) | W2: Marca | X2: Modelo | Y2: Ano | Z2: Série (SEMPRE MAIUSCULA) | AA2: Tipo | AB2: Horímetro | AC2: Motor | AD2: Câmbio | AE2: Combustível | AF2: Tração | AG2: Pneus (Estado) | AH2: Pneus (Quantidade) | AI2: Materiais rodantes (Estado) | AJ2: Acessórios | AK2: Detalhes sobre acessórios | AL2: Não faz parte do lote | AM2: Componentes existentes | AN2: Capacidade | AO2: Tag/Código do Ativo | AP2: Condição | AQ2: Frases Padrões | AR2: OBS. | AS2: Fator Multiplicativo | AT2: Unid. Metrica | AU2: Pendências | AV2: Restrições | AW2: Débitos (Total) | AX2: . Alteração/Adicionado | AY2: Descrição HTML | AZ2: Débitos de Estadia e Remoção | BA2: Taxas ADM | BB2: % Buyers Premium (Uso Cadastro) - LEILÃO | BC2: % Buyers Premium (Uso Cadastro) - VENDA DIRETA | BD2: Atualização 1 | BE2: Atualização 2 | BF2: Atualização 3 | BG2: Atualização 4 | BH2: Atualização 5
E3: =IF(AND(M3="Máquinas e equipamentos",U3="Outros",T3=TRUE),"Sucata de "&V3 &" "&PROPER(W3) &" "&X3 &IF(AF3="",""," "&AF3) &IF(Y3="","",", ano: "&Y3) &IF(AN3="","",", cap.: "&AN3) &IF(Z3="","",", série: "&Z3) &IF(S3="",""," (ref: "&S3&")"), IF(AND(M3="Máquinas e equipamentos",U3="Outros",T3=FALSE),V3 &" "&PROPER(W3) &" "&X3 &IF(AF3="",""," "&AF3) &IF(Y3="","",", ano: "&Y3) &IF(AN3="","",", cap.: "&AN3) &IF(Z3="","",", série: "&Z3) &IF(S3="",""," (ref: "&S3&")"), IF(AND(M3="Máquinas e equipamentos",U3<>"Outros",T3=TRUE),"Sucata de "&U3 &" "&PROPER(W3) &" "&X3 &IF(AF3="",""," "&AF3) &IF(Y3="","",", ano: "&Y3) &IF(AN3="","",", cap.: "&AN3) &IF(Z3="","",", série: "&Z3) &IF(S3="",""," (ref: "&S3&")"), IF(AND(M3="Máquinas e equipamentos",U3<>"Outros",T3=FALSE),U3 &" "&PROPER(W3) &" "&X3 &IF(AF3="",""," "&AF3) &IF(Y3="","",", ano: "&Y3) &IF(AN3="","",", cap.: "&AN3) &IF(Z3="","",", série: "&Z3) &IF(S3="",""," (ref: "&S3&")"), IF(AND(M3="Máquinas pesadas",U3="Outros",T3=TRUE),"Sucata de "& V3 &" "&PROPER(W3) &" "&X3 &IF(AF3="",""," "&AF3) &IF(Y3="","",", ano: "&Y3) &IF(AN3="","",", cap.: "&AN3) &IF(Z3="",", série: não identificado",", série: "&Z3) &IF(S3="",""," (ref: "&S3&")"), IF(AND(M3="Máquinas pesadas",U3="Outros",T3=FALSE), V3 &" "&PROPER(W3) &" "&X3 &IF(AF3="",""," "&AF3) &IF(Y3="","",", ano: "&Y3) &IF(AN3="","",", cap.: "&AN3) &IF(Z3="",", série: não identificado",", série: "&Z3) &IF(S3="",""," (ref: "&S3&")"), IF(AND(M3="Máquinas pesadas",U3<>"Outros",T3=FALSE), U3 &" "&PROPER(W3) &" "&X3 &IF(AF3="",""," "&AF3) &IF(Y3="","",", ano: "&Y3) &IF(AN3="","",", cap.: "&AN3) &IF(Z3="",", série: não identificado",", série: "&Z3) &IF(S3="",""," (ref: "&S3&")"), IF(AND(M3="Máquinas pesadas",U3<>"Outros",T3=TRUE),"Sucata de "& U3 &" "&PROPER(W3) &" "&X3 &IF(AF3="",""," "&AF3) &IF(Y3="","",", ano: "&Y3) &IF(AN3="","",", cap.: "&AN3) &IF(Z3="",", série: não identificado",", série: "&Z3) &IF(S3="",""," (ref: "&S3&")"),""))))))))
E4: =IF(AND(M4="Máquinas e equipamentos",U4="Outros",T4=TRUE),"Sucata de "&V4 &" "&PROPER(W4) &" "&X4 &IF(AF4="",""," "&AF4) &IF(Y4="","",", ano: "&Y4) &IF(AN4="","",", cap.: "&AN4) &IF(Z4="","",", série: "&Z4) &IF(S4="",""," (ref: "&S4&")"), IF(AND(M4="Máquinas e equipamentos",U4="Outros",T4=FALSE),V4 &" "&PROPER(W4) &" "&X4 &IF(AF4="",""," "&AF4) &IF(Y4="","",", ano: "&Y4) &IF(AN4="","",", cap.: "&AN4) &IF(Z4="","",", série: "&Z4) &IF(S4="",""," (ref: "&S4&")"), IF(AND(M4="Máquinas e equipamentos",U4<>"Outros",T4=TRUE),"Sucata de "&U4 &" "&PROPER(W4) &" "&X4 &IF(AF4="",""," "&AF4) &IF(Y4="","",", ano: "&Y4) &IF(AN4="","",", cap.: "&AN4) &IF(Z4="","",", série: "&Z4) &IF(S4="",""," (ref: "&S4&")"), IF(AND(M4="Máquinas e equipamentos",U4<>"Outros",T4=FALSE),U4 &" "&PROPER(W4) &" "&X4 &IF(AF4="",""," "&AF4) &IF(Y4="","",", ano: "&Y4) &IF(AN4="","",", cap.: "&AN4) &IF(Z4="","",", série: "&Z4) &IF(S4="",""," (ref: "&S4&")"), IF(AND(M4="Máquinas pesadas",U4="Outros",T4=TRUE),"Sucata de "& V4 &" "&PROPER(W4) &" "&X4 &IF(AF4="",""," "&AF4) &IF(Y4="","",", ano: "&Y4) &IF(AN4="","",", cap.: "&AN4) &IF(Z4="",", série: não identificado",", série: "&Z4) &IF(S4="",""," (ref: "&S4&")"), IF(AND(M4="Máquinas pesadas",U4="Outros",T4=FALSE), V4 &" "&PROPER(W4) &" "&X4 &IF(AF4="",""," "&AF4) &IF(Y4="","",", ano: "&Y4) &IF(AN4="","",", cap.: "&AN4) &IF(Z4="",", série: não identificado",", série: "&Z4) &IF(S4="",""," (ref: "&S4&")"), IF(AND(M4="Máquinas pesadas",U4<>"Outros",T4=FALSE), U4 &" "&PROPER(W4) &" "&X4 &IF(AF4="",""," "&AF4) &IF(Y4="","",", ano: "&Y4) &IF(AN4="","",", cap.: "&AN4) &IF(Z4="",", série: não identificado",", série: "&Z4) &IF(S4="",""," (ref: "&S4&")"), IF(AND(M4="Máquinas pesadas",U4<>"Outros",T4=TRUE),"Sucata de "& U4 &" "&PROPER(W4) &" "&X4 &IF(AF4="",""," "&AF4) &IF(Y4="","",", ano: "&Y4) &IF(AN4="","",", cap.: "&AN4) &IF(Z4="",", série: não identificado",", série: "&Z4) &IF(S4="",""," (ref: "&S4&")"),""))))))))
E5: =IF(AND(M5="Máquinas e equipamentos",U5="Outros",T5=TRUE),"Sucata de "&V5 &" "&PROPER(W5) &" "&X5 &IF(AF5="",""," "&AF5) &IF(Y5="","",", ano: "&Y5) &IF(AN5="","",", cap.: "&AN5) &IF(Z5="","",", série: "&Z5) &IF(S5="",""," (ref: "&S5&")"), IF(AND(M5="Máquinas e equipamentos",U5="Outros",T5=FALSE),V5 &" "&PROPER(W5) &" "&X5 &IF(AF5="",""," "&AF5) &IF(Y5="","",", ano: "&Y5) &IF(AN5="","",", cap.: "&AN5) &IF(Z5="","",", série: "&Z5) &IF(S5="",""," (ref: "&S5&")"), IF(AND(M5="Máquinas e equipamentos",U5<>"Outros",T5=TRUE),"Sucata de "&U5 &" "&PROPER(W5) &" "&X5 &IF(AF5="",""," "&AF5) &IF(Y5="","",", ano: "&Y5) &IF(AN5="","",", cap.: "&AN5) &IF(Z5="","",", série: "&Z5) &IF(S5="",""," (ref: "&S5&")"), IF(AND(M5="Máquinas e equipamentos",U5<>"Outros",T5=FALSE),U5 &" "&PROPER(W5) &" "&X5 &IF(AF5="",""," "&AF5) &IF(Y5="","",", ano: "&Y5) &IF(AN5="","",", cap.: "&AN5) &IF(Z5="","",", série: "&Z5) &IF(S5="",""," (ref: "&S5&")"), IF(AND(M5="Máquinas pesadas",U5="Outros",T5=TRUE),"Sucata de "& V5 &" "&PROPER(W5) &" "&X5 &IF(AF5="",""," "&AF5) &IF(Y5="","",", ano: "&Y5) &IF(AN5="","",", cap.: "&AN5) &IF(Z5="",", série: não identificado",", série: "&Z5) &IF(S5="",""," (ref: "&S5&")"), IF(AND(M5="Máquinas pesadas",U5="Outros",T5=FALSE), V5 &" "&PROPER(W5) &" "&X5 &IF(AF5="",""," "&AF5) &IF(Y5="","",", ano: "&Y5) &IF(AN5="","",", cap.: "&AN5) &IF(Z5="",", série: não identificado",", série: "&Z5) &IF(S5="",""," (ref: "&S5&")"), IF(AND(M5="Máquinas pesadas",U5<>"Outros",T5=FALSE), U5 &" "&PROPER(W5) &" "&X5 &IF(AF5="",""," "&AF5) &IF(Y5="","",", ano: "&Y5) &IF(AN5="","",", cap.: "&AN5) &IF(Z5="",", série: não identificado",", série: "&Z5) &IF(S5="",""," (ref: "&S5&")"), IF(AND(M5="Máquinas pesadas",U5<>"Outros",T5=TRUE),"Sucata de "& U5 &" "&PROPER(W5) &" "&X5 &IF(AF5="",""," "&AF5) &IF(Y5="","",", ano: "&Y5) &IF(AN5="","",", cap.: "&AN5) &IF(Z5="",", série: não identificado",", série: "&Z5) &IF(S5="",""," (ref: "&S5&")"),""))))))))
E6: =IF(AND(M6="Máquinas e equipamentos",U6="Outros",T6=TRUE),"Sucata de "&V6 &" "&PROPER(W6) &" "&X6 &IF(AF6="",""," "&AF6) &IF(Y6="","",", ano: "&Y6) &IF(AN6="","",", cap.: "&AN6) &IF(Z6="","",", série: "&Z6) &IF(S6="",""," (ref: "&S6&")"), IF(AND(M6="Máquinas e equipamentos",U6="Outros",T6=FALSE),V6 &" "&PROPER(W6) &" "&X6 &IF(AF6="",""," "&AF6) &IF(Y6="","",", ano: "&Y6) &IF(AN6="","",", cap.: "&AN6) &IF(Z6="","",", série: "&Z6) &IF(S6="",""," (ref: "&S6&")"), IF(AND(M6="Máquinas e equipamentos",U6<>"Outros",T6=TRUE),"Sucata de "&U6 &" "&PROPER(W6) &" "&X6 &IF(AF6="",""," "&AF6) &IF(Y6="","",", ano: "&Y6) &IF(AN6="","",", cap.: "&AN6) &IF(Z6="","",", série: "&Z6) &IF(S6="",""," (ref: "&S6&")"), IF(AND(M6="Máquinas e equipamentos",U6<>"Outros",T6=FALSE),U6 &" "&PROPER(W6) &" "&X6 &IF(AF6="",""," "&AF6) &IF(Y6="","",", ano: "&Y6) &IF(AN6="","",", cap.: "&AN6) &IF(Z6="","",", série: "&Z6) &IF(S6="",""," (ref: "&S6&")"), IF(AND(M6="Máquinas pesadas",U6="Outros",T6=TRUE),"Sucata de "& V6 &" "&PROPER(W6) &" "&X6 &IF(AF6="",""," "&AF6) &IF(Y6="","",", ano: "&Y6) &IF(AN6="","",", cap.: "&AN6) &IF(Z6="",", série: não identificado",", série: "&Z6) &IF(S6="",""," (ref: "&S6&")"), IF(AND(M6="Máquinas pesadas",U6="Outros",T6=FALSE), V6 &" "&PROPER(W6) &" "&X6 &IF(AF6="",""," "&AF6) &IF(Y6="","",", ano: "&Y6) &IF(AN6="","",", cap.: "&AN6) &IF(Z6="",", série: não identificado",", série: "&Z6) &IF(S6="",""," (ref: "&S6&")"), IF(AND(M6="Máquinas pesadas",U6<>"Outros",T6=FALSE), U6 &" "&PROPER(W6) &" "&X6 &IF(AF6="",""," "&AF6) &IF(Y6="","",", ano: "&Y6) &IF(AN6="","",", cap.: "&AN6) &IF(Z6="",", série: não identificado",", série: "&Z6) &IF(S6="",""," (ref: "&S6&")"), IF(AND(M6="Máquinas pesadas",U6<>"Outros",T6=TRUE),"Sucata de "& U6 &" "&PROPER(W6) &" "&X6 &IF(AF6="",""," "&AF6) &IF(Y6="","",", ano: "&Y6) &IF(AN6="","",", cap.: "&AN6) &IF(Z6="",", série: não identificado",", série: "&Z6) &IF(S6="",""," (ref: "&S6&")"),""))))))))
E7: =IF(AND(M7="Máquinas e equipamentos",U7="Outros",T7=TRUE),"Sucata de "&V7 &" "&PROPER(W7) &" "&X7 &IF(AF7="",""," "&AF7) &IF(Y7="","",", ano: "&Y7) &IF(AN7="","",", cap.: "&AN7) &IF(Z7="","",", série: "&Z7) &IF(S7="",""," (ref: "&S7&")"), IF(AND(M7="Máquinas e equipamentos",U7="Outros",T7=FALSE),V7 &" "&PROPER(W7) &" "&X7 &IF(AF7="",""," "&AF7) &IF(Y7="","",", ano: "&Y7) &IF(AN7="","",", cap.: "&AN7) &IF(Z7="","",", série: "&Z7) &IF(S7="",""," (ref: "&S7&")"), IF(AND(M7="Máquinas e equipamentos",U7<>"Outros",T7=TRUE),"Sucata de "&U7 &" "&PROPER(W7) &" "&X7 &IF(AF7="",""," "&AF7) &IF(Y7="","",", ano: "&Y7) &IF(AN7="","",", cap.: "&AN7) &IF(Z7="","",", série: "&Z7) &IF(S7="",""," (ref: "&S7&")"), IF(AND(M7="Máquinas e equipamentos",U7<>"Outros",T7=FALSE),U7 &" "&PROPER(W7) &" "&X7 &IF(AF7="",""," "&AF7) &IF(Y7="","",", ano: "&Y7) &IF(AN7="","",", cap.: "&AN7) &IF(Z7="","",", série: "&Z7) &IF(S7="",""," (ref: "&S7&")"), IF(AND(M7="Máquinas pesadas",U7="Outros",T7=TRUE),"Sucata de "& V7 &" "&PROPER(W7) &" "&X7 &IF(AF7="",""," "&AF7) &IF(Y7="","",", ano: "&Y7) &IF(AN7="","",", cap.: "&AN7) &IF(Z7="",", série: não identificado",", série: "&Z7) &IF(S7="",""," (ref: "&S7&")"), IF(AND(M7="Máquinas pesadas",U7="Outros",T7=FALSE), V7 &" "&PROPER(W7) &" "&X7 &IF(AF7="",""," "&AF7) &IF(Y7="","",", ano: "&Y7) &IF(AN7="","",", cap.: "&AN7) &IF(Z7="",", série: não identificado",", série: "&Z7) &IF(S7="",""," (ref: "&S7&")"), IF(AND(M7="Máquinas pesadas",U7<>"Outros",T7=FALSE), U7 &" "&PROPER(W7) &" "&X7 &IF(AF7="",""," "&AF7) &IF(Y7="","",", ano: "&Y7) &IF(AN7="","",", cap.: "&AN7) &IF(Z7="",", série: não identificado",", série: "&Z7) &IF(S7="",""," (ref: "&S7&")"), IF(AND(M7="Máquinas pesadas",U7<>"Outros",T7=TRUE),"Sucata de "& U7 &" "&PROPER(W7) &" "&X7 &IF(AF7="",""," "&AF7) &IF(Y7="","",", ano: "&Y7) &IF(AN7="","",", cap.: "&AN7) &IF(Z7="",", série: não identificado",", série: "&Z7) &IF(S7="",""," (ref: "&S7&")"),""))))))))
E8: =IF(AND(M8="Máquinas e equipamentos",U8="Outros",T8=TRUE),"Sucata de "&V8 &" "&PROPER(W8) &" "&X8 &IF(AF8="",""," "&AF8) &IF(Y8="","",", ano: "&Y8) &IF(AN8="","",", cap.: "&AN8) &IF(Z8="","",", série: "&Z8) &IF(S8="",""," (ref: "&S8&")"), IF(AND(M8="Máquinas e equipamentos",U8="Outros",T8=FALSE),V8 &" "&PROPER(W8) &" "&X8 &IF(AF8="",""," "&AF8) &IF(Y8="","",", ano: "&Y8) &IF(AN8="","",", cap.: "&AN8) &IF(Z8="","",", série: "&Z8) &IF(S8="",""," (ref: "&S8&")"), IF(AND(M8="Máquinas e equipamentos",U8<>"Outros",T8=TRUE),"Sucata de "&U8 &" "&PROPER(W8) &" "&X8 &IF(AF8="",""," "&AF8) &IF(Y8="","",", ano: "&Y8) &IF(AN8="","",", cap.: "&AN8) &IF(Z8="","",", série: "&Z8) &IF(S8="",""," (ref: "&S8&")"), IF(AND(M8="Máquinas e equipamentos",U8<>"Outros",T8=FALSE),U8 &" "&PROPER(W8) &" "&X8 &IF(AF8="",""," "&AF8) &IF(Y8="","",", ano: "&Y8) &IF(AN8="","",", cap.: "&AN8) &IF(Z8="","",", série: "&Z8) &IF(S8="",""," (ref: "&S8&")"), IF(AND(M8="Máquinas pesadas",U8="Outros",T8=TRUE),"Sucata de "& V8 &" "&PROPER(W8) &" "&X8 &IF(AF8="",""," "&AF8) &IF(Y8="","",", ano: "&Y8) &IF(AN8="","",", cap.: "&AN8) &IF(Z8="",", série: não identificado",", série: "&Z8) &IF(S8="",""," (ref: "&S8&")"), IF(AND(M8="Máquinas pesadas",U8="Outros",T8=FALSE), V8 &" "&PROPER(W8) &" "&X8 &IF(AF8="",""," "&AF8) &IF(Y8="","",", ano: "&Y8) &IF(AN8="","",", cap.: "&AN8) &IF(Z8="",", série: não identificado",", série: "&Z8) &IF(S8="",""," (ref: "&S8&")"), IF(AND(M8="Máquinas pesadas",U8<>"Outros",T8=FALSE), U8 &" "&PROPER(W8) &" "&X8 &IF(AF8="",""," "&AF8) &IF(Y8="","",", ano: "&Y8) &IF(AN8="","",", cap.: "&AN8) &IF(Z8="",", série: não identificado",", série: "&Z8) &IF(S8="",""," (ref: "&S8&")"), IF(AND(M8="Máquinas pesadas",U8<>"Outros",T8=TRUE),"Sucata de "& U8 &" "&PROPER(W8) &" "&X8 &IF(AF8="",""," "&AF8) &IF(Y8="","",", ano: "&Y8) &IF(AN8="","",", cap.: "&AN8) &IF(Z8="",", série: não identificado",", série: "&Z8) &IF(S8="",""," (ref: "&S8&")"),""))))))))
E9: =IF(AND(M9="Máquinas e equipamentos",U9="Outros",T9=TRUE),"Sucata de "&V9 &" "&PROPER(W9) &" "&X9 &IF(AF9="",""," "&AF9) &IF(Y9="","",", ano: "&Y9) &IF(AN9="","",", cap.: "&AN9) &IF(Z9="","",", série: "&Z9) &IF(S9="",""," (ref: "&S9&")"), IF(AND(M9="Máquinas e equipamentos",U9="Outros",T9=FALSE),V9 &" "&PROPER(W9) &" "&X9 &IF(AF9="",""," "&AF9) &IF(Y9="","",", ano: "&Y9) &IF(AN9="","",", cap.: "&AN9) &IF(Z9="","",", série: "&Z9) &IF(S9="",""," (ref: "&S9&")"), IF(AND(M9="Máquinas e equipamentos",U9<>"Outros",T9=TRUE),"Sucata de "&U9 &" "&PROPER(W9) &" "&X9 &IF(AF9="",""," "&AF9) &IF(Y9="","",", ano: "&Y9) &IF(AN9="","",", cap.: "&AN9) &IF(Z9="","",", série: "&Z9) &IF(S9="",""," (ref: "&S9&")"), IF(AND(M9="Máquinas e equipamentos",U9<>"Outros",T9=FALSE),U9 &" "&PROPER(W9) &" "&X9 &IF(AF9="",""," "&AF9) &IF(Y9="","",", ano: "&Y9) &IF(AN9="","",", cap.: "&AN9) &IF(Z9="","",", série: "&Z9) &IF(S9="",""," (ref: "&S9&")"), IF(AND(M9="Máquinas pesadas",U9="Outros",T9=TRUE),"Sucata de "& V9 &" "&PROPER(W9) &" "&X9 &IF(AF9="",""," "&AF9) &IF(Y9="","",", ano: "&Y9) &IF(AN9="","",", cap.: "&AN9) &IF(Z9="",", série: não identificado",", série: "&Z9) &IF(S9="",""," (ref: "&S9&")"), IF(AND(M9="Máquinas pesadas",U9="Outros",T9=FALSE), V9 &" "&PROPER(W9) &" "&X9 &IF(AF9="",""," "&AF9) &IF(Y9="","",", ano: "&Y9) &IF(AN9="","",", cap.: "&AN9) &IF(Z9="",", série: não identificado",", série: "&Z9) &IF(S9="",""," (ref: "&S9&")"), IF(AND(M9="Máquinas pesadas",U9<>"Outros",T9=FALSE), U9 &" "&PROPER(W9) &" "&X9 &IF(AF9="",""," "&AF9) &IF(Y9="","",", ano: "&Y9) &IF(AN9="","",", cap.: "&AN9) &IF(Z9="",", série: não identificado",", série: "&Z9) &IF(S9="",""," (ref: "&S9&")"), IF(AND(M9="Máquinas pesadas",U9<>"Outros",T9=TRUE),"Sucata de "& U9 &" "&PROPER(W9) &" "&X9 &IF(AF9="",""," "&AF9) &IF(Y9="","",", ano: "&Y9) &IF(AN9="","",", cap.: "&AN9) &IF(Z9="",", série: não identificado",", série: "&Z9) &IF(S9="",""," (ref: "&S9&")"),""))))))))
E10: =IF(AND(M10="Máquinas e equipamentos",U10="Outros",T10=TRUE),"Sucata de "&V10 &" "&PROPER(W10) &" "&X10 &IF(AF10="",""," "&AF10) &IF(Y10="","",", ano: "&Y10) &IF(AN10="","",", cap.: "&AN10) &IF(Z10="","",", série: "&Z10) &IF(S10="",""," (ref: "&S10&")"), IF(AND(M10="Máquinas e equipamentos",U10="Outros",T10=FALSE),V10 &" "&PROPER(W10) &" "&X10 &IF(AF10="",""," "&AF10) &IF(Y10="","",", ano: "&Y10) &IF(AN10="","",", cap.: "&AN10) &IF(Z10="","",", série: "&Z10) &IF(S10="",""," (ref: "&S10&")"), IF(AND(M10="Máquinas e equipamentos",U10<>"Outros",T10=TRUE),"Sucata de "&U10 &" "&PROPER(W10) &" "&X10 &IF(AF10="",""," "&AF10) &IF(Y10="","",", ano: "&Y10) &IF(AN10="","",", cap.: "&AN10) &IF(Z10="","",", série: "&Z10) &IF(S10="",""," (ref: "&S10&")"), IF(AND(M10="Máquinas e equipamentos",U10<>"Outros",T10=FALSE),U10 &" "&PROPER(W10) &" "&X10 &IF(AF10="",""," "&AF10) &IF(Y10="","",", ano: "&Y10) &IF(AN10="","",", cap.: "&AN10) &IF(Z10="","",", série: "&Z10) &IF(S10="",""," (ref: "&S10&")"), IF(AND(M10="Máquinas pesadas",U10="Outros",T10=TRUE),"Sucata de "& V10 &" "&PROPER(W10) &" "&X10 &IF(AF10="",""," "&AF10) &IF(Y10="","",", ano: "&Y10) &IF(AN10="","",", cap.: "&AN10) &IF(Z10="",", série: não identificado",", série: "&Z10) &IF(S10="",""," (ref: "&S10&")"), IF(AND(M10="Máquinas pesadas",U10="Outros",T10=FALSE), V10 &" "&PROPER(W10) &" "&X10 &IF(AF10="",""," "&AF10) &IF(Y10="","",", ano: "&Y10) &IF(AN10="","",", cap.: "&AN10) &IF(Z10="",", série: não identificado",", série: "&Z10) &IF(S10="",""," (ref: "&S10&")"), IF(AND(M10="Máquinas pesadas",U10<>"Outros",T10=FALSE), U10 &" "&PROPER(W10) &" "&X10 &IF(AF10="",""," "&AF10) &IF(Y10="","",", ano: "&Y10) &IF(AN10="","",", cap.: "&AN10) &IF(Z10="",", série: não identificado",", série: "&Z10) &IF(S10="",""," (ref: "&S10&")"), IF(AND(M10="Máquinas pesadas",U10<>"Outros",T10=TRUE),"Sucata de "& U10 &" "&PROPER(W10) &" "&X10 &IF(AF10="",""," "&AF10) &IF(Y10="","",", ano: "&Y10) &IF(AN10="","",", cap.: "&AN10) &IF(Z10="",", série: não identificado",", série: "&Z10) &IF(S10="",""," (ref: "&S10&")"),""))))))))
E11: =IF(AND(M11="Máquinas e equipamentos",U11="Outros",T11=TRUE),"Sucata de "&V11 &" "&PROPER(W11) &" "&X11 &IF(AF11="",""," "&AF11) &IF(Y11="","",", ano: "&Y11) &IF(AN11="","",", cap.: "&AN11) &IF(Z11="","",", série: "&Z11) &IF(S11="",""," (ref: "&S11&")"), IF(AND(M11="Máquinas e equipamentos",U11="Outros",T11=FALSE),V11 &" "&PROPER(W11) &" "&X11 &IF(AF11="",""," "&AF11) &IF(Y11="","",", ano: "&Y11) &IF(AN11="","",", cap.: "&AN11) &IF(Z11="","",", série: "&Z11) &IF(S11="",""," (ref: "&S11&")"), IF(AND(M11="Máquinas e equipamentos",U11<>"Outros",T11=TRUE),"Sucata de "&U11 &" "&PROPER(W11) &" "&X11 &IF(AF11="",""," "&AF11) &IF(Y11="","",", ano: "&Y11) &IF(AN11="","",", cap.: "&AN11) &IF(Z11="","",", série: "&Z11) &IF(S11="",""," (ref: "&S11&")"), IF(AND(M11="Máquinas e equipamentos",U11<>"Outros",T11=FALSE),U11 &" "&PROPER(W11) &" "&X11 &IF(AF11="",""," "&AF11) &IF(Y11="","",", ano: "&Y11) &IF(AN11="","",", cap.: "&AN11) &IF(Z11="","",", série: "&Z11) &IF(S11="",""," (ref: "&S11&")"), IF(AND(M11="Máquinas pesadas",U11="Outros",T11=TRUE),"Sucata de "& V11 &" "&PROPER(W11) &" "&X11 &IF(AF11="",""," "&AF11) &IF(Y11="","",", ano: "&Y11) &IF(AN11="","",", cap.: "&AN11) &IF(Z11="",", série: não identificado",", série: "&Z11) &IF(S11="",""," (ref: "&S11&")"), IF(AND(M11="Máquinas pesadas",U11="Outros",T11=FALSE), V11 &" "&PROPER(W11) &" "&X11 &IF(AF11="",""," "&AF11) &IF(Y11="","",", ano: "&Y11) &IF(AN11="","",", cap.: "&AN11) &IF(Z11="",", série: não identificado",", série: "&Z11) &IF(S11="",""," (ref: "&S11&")"), IF(AND(M11="Máquinas pesadas",U11<>"Outros",T11=FALSE), U11 &" "&PROPER(W11) &" "&X11 &IF(AF11="",""," "&AF11) &IF(Y11="","",", ano: "&Y11) &IF(AN11="","",", cap.: "&AN11) &IF(Z11="",", série: não identificado",", série: "&Z11) &IF(S11="",""," (ref: "&S11&")"), IF(AND(M11="Máquinas pesadas",U11<>"Outros",T11=TRUE),"Sucata de "& U11 &" "&PROPER(W11) &" "&X11 &IF(AF11="",""," "&AF11) &IF(Y11="","",", ano: "&Y11) &IF(AN11="","",", cap.: "&AN11) &IF(Z11="",", série: não identificado",", série: "&Z11) &IF(S11="",""," (ref: "&S11&")"),""))))))))
E12: =IF(AND(M12="Máquinas e equipamentos",U12="Outros",T12=TRUE),"Sucata de "&V12 &" "&PROPER(W12) &" "&X12 &IF(AF12="",""," "&AF12) &IF(Y12="","",", ano: "&Y12) &IF(AN12="","",", cap.: "&AN12) &IF(Z12="","",", série: "&Z12) &IF(S12="",""," (ref: "&S12&")"), IF(AND(M12="Máquinas e equipamentos",U12="Outros",T12=FALSE),V12 &" "&PROPER(W12) &" "&X12 &IF(AF12="",""," "&AF12) &IF(Y12="","",", ano: "&Y12) &IF(AN12="","",", cap.: "&AN12) &IF(Z12="","",", série: "&Z12) &IF(S12="",""," (ref: "&S12&")"), IF(AND(M12="Máquinas e equipamentos",U12<>"Outros",T12=TRUE),"Sucata de "&U12 &" "&PROPER(W12) &" "&X12 &IF(AF12="",""," "&AF12) &IF(Y12="","",", ano: "&Y12) &IF(AN12="","",", cap.: "&AN12) &IF(Z12="","",", série: "&Z12) &IF(S12="",""," (ref: "&S12&")"), IF(AND(M12="Máquinas e equipamentos",U12<>"Outros",T12=FALSE),U12 &" "&PROPER(W12) &" "&X12 &IF(AF12="",""," "&AF12) &IF(Y12="","",", ano: "&Y12) &IF(AN12="","",", cap.: "&AN12) &IF(Z12="","",", série: "&Z12) &IF(S12="",""," (ref: "&S12&")"), IF(AND(M12="Máquinas pesadas",U12="Outros",T12=TRUE),"Sucata de "& V12 &" "&PROPER(W12) &" "&X12 &IF(AF12="",""," "&AF12) &IF(Y12="","",", ano: "&Y12) &IF(AN12="","",", cap.: "&AN12) &IF(Z12="",", série: não identificado",", série: "&Z12) &IF(S12="",""," (ref: "&S12&")"), IF(AND(M12="Máquinas pesadas",U12="Outros",T12=FALSE), V12 &" "&PROPER(W12) &" "&X12 &IF(AF12="",""," "&AF12) &IF(Y12="","",", ano: "&Y12) &IF(AN12="","",", cap.: "&AN12) &IF(Z12="",", série: não identificado",", série: "&Z12) &IF(S12="",""," (ref: "&S12&")"), IF(AND(M12="Máquinas pesadas",U12<>"Outros",T12=FALSE), U12 &" "&PROPER(W12) &" "&X12 &IF(AF12="",""," "&AF12) &IF(Y12="","",", ano: "&Y12) &IF(AN12="","",", cap.: "&AN12) &IF(Z12="",", série: não identificado",", série: "&Z12) &IF(S12="",""," (ref: "&S12&")"), IF(AND(M12="Máquinas pesadas",U12<>"Outros",T12=TRUE),"Sucata de "& U12 &" "&PROPER(W12) &" "&X12 &IF(AF12="",""," "&AF12) &IF(Y12="","",", ano: "&Y12) &IF(AN12="","",", cap.: "&AN12) &IF(Z12="",", série: não identificado",", série: "&Z12) &IF(S12="",""," (ref: "&S12&")"),""))))))))
E13: =IF(AND(M13="Máquinas e equipamentos",U13="Outros",T13=TRUE),"Sucata de "&V13 &" "&PROPER(W13) &" "&X13 &IF(AF13="",""," "&AF13) &IF(Y13="","",", ano: "&Y13) &IF(AN13="","",", cap.: "&AN13) &IF(Z13="","",", série: "&Z13) &IF(S13="",""," (ref: "&S13&")"), IF(AND(M13="Máquinas e equipamentos",U13="Outros",T13=FALSE),V13 &" "&PROPER(W13) &" "&X13 &IF(AF13="",""," "&AF13) &IF(Y13="","",", ano: "&Y13) &IF(AN13="","",", cap.: "&AN13) &IF(Z13="","",", série: "&Z13) &IF(S13="",""," (ref: "&S13&")"), IF(AND(M13="Máquinas e equipamentos",U13<>"Outros",T13=TRUE),"Sucata de "&U13 &" "&PROPER(W13) &" "&X13 &IF(AF13="",""," "&AF13) &IF(Y13="","",", ano: "&Y13) &IF(AN13="","",", cap.: "&AN13) &IF(Z13="","",", série: "&Z13) &IF(S13="",""," (ref: "&S13&")"), IF(AND(M13="Máquinas e equipamentos",U13<>"Outros",T13=FALSE),U13 &" "&PROPER(W13) &" "&X13 &IF(AF13="",""," "&AF13) &IF(Y13="","",", ano: "&Y13) &IF(AN13="","",", cap.: "&AN13) &IF(Z13="","",", série: "&Z13) &IF(S13="",""," (ref: "&S13&")"), IF(AND(M13="Máquinas pesadas",U13="Outros",T13=TRUE),"Sucata de "& V13 &" "&PROPER(W13) &" "&X13 &IF(AF13="",""," "&AF13) &IF(Y13="","",", ano: "&Y13) &IF(AN13="","",", cap.: "&AN13) &IF(Z13="",", série: não identificado",", série: "&Z13) &IF(S13="",""," (ref: "&S13&")"), IF(AND(M13="Máquinas pesadas",U13="Outros",T13=FALSE), V13 &" "&PROPER(W13) &" "&X13 &IF(AF13="",""," "&AF13) &IF(Y13="","",", ano: "&Y13) &IF(AN13="","",", cap.: "&AN13) &IF(Z13="",", série: não identificado",", série: "&Z13) &IF(S13="",""," (ref: "&S13&")"), IF(AND(M13="Máquinas pesadas",U13<>"Outros",T13=FALSE), U13 &" "&PROPER(W13) &" "&X13 &IF(AF13="",""," "&AF13) &IF(Y13="","",", ano: "&Y13) &IF(AN13="","",", cap.: "&AN13) &IF(Z13="",", série: não identificado",", série: "&Z13) &IF(S13="",""," (ref: "&S13&")"), IF(AND(M13="Máquinas pesadas",U13<>"Outros",T13=TRUE),"Sucata de "& U13 &" "&PROPER(W13) &" "&X13 &IF(AF13="",""," "&AF13) &IF(Y13="","",", ano: "&Y13) &IF(AN13="","",", cap.: "&AN13) &IF(Z13="",", série: não identificado",", série: "&Z13) &IF(S13="",""," (ref: "&S13&")"),""))))))))
E14: =IF(AND(M14="Máquinas e equipamentos",U14="Outros",T14=TRUE),"Sucata de "&V14 &" "&PROPER(W14) &" "&X14 &IF(AF14="",""," "&AF14) &IF(Y14="","",", ano: "&Y14) &IF(AN14="","",", cap.: "&AN14) &IF(Z14="","",", série: "&Z14) &IF(S14="",""," (ref: "&S14&")"), IF(AND(M14="Máquinas e equipamentos",U14="Outros",T14=FALSE),V14 &" "&PROPER(W14) &" "&X14 &IF(AF14="",""," "&AF14) &IF(Y14="","",", ano: "&Y14) &IF(AN14="","",", cap.: "&AN14) &IF(Z14="","",", série: "&Z14) &IF(S14="",""," (ref: "&S14&")"), IF(AND(M14="Máquinas e equipamentos",U14<>"Outros",T14=TRUE),"Sucata de "&U14 &" "&PROPER(W14) &" "&X14 &IF(AF14="",""," "&AF14) &IF(Y14="","",", ano: "&Y14) &IF(AN14="","",", cap.: "&AN14) &IF(Z14="","",", série: "&Z14) &IF(S14="",""," (ref: "&S14&")"), IF(AND(M14="Máquinas e equipamentos",U14<>"Outros",T14=FALSE),U14 &" "&PROPER(W14) &" "&X14 &IF(AF14="",""," "&AF14) &IF(Y14="","",", ano: "&Y14) &IF(AN14="","",", cap.: "&AN14) &IF(Z14="","",", série: "&Z14) &IF(S14="",""," (ref: "&S14&")"), IF(AND(M14="Máquinas pesadas",U14="Outros",T14=TRUE),"Sucata de "& V14 &" "&PROPER(W14) &" "&X14 &IF(AF14="",""," "&AF14) &IF(Y14="","",", ano: "&Y14) &IF(AN14="","",", cap.: "&AN14) &IF(Z14="",", série: não identificado",", série: "&Z14) &IF(S14="",""," (ref: "&S14&")"), IF(AND(M14="Máquinas pesadas",U14="Outros",T14=FALSE), V14 &" "&PROPER(W14) &" "&X14 &IF(AF14="",""," "&AF14) &IF(Y14="","",", ano: "&Y14) &IF(AN14="","",", cap.: "&AN14) &IF(Z14="",", série: não identificado",", série: "&Z14) &IF(S14="",""," (ref: "&S14&")"), IF(AND(M14="Máquinas pesadas",U14<>"Outros",T14=FALSE), U14 &" "&PROPER(W14) &" "&X14 &IF(AF14="",""," "&AF14) &IF(Y14="","",", ano: "&Y14) &IF(AN14="","",", cap.: "&AN14) &IF(Z14="",", série: não identificado",", série: "&Z14) &IF(S14="",""," (ref: "&S14&")"), IF(AND(M14="Máquinas pesadas",U14<>"Outros",T14=TRUE),"Sucata de "& U14 &" "&PROPER(W14) &" "&X14 &IF(AF14="",""," "&AF14) &IF(Y14="","",", ano: "&Y14) &IF(AN14="","",", cap.: "&AN14) &IF(Z14="",", série: não identificado",", série: "&Z14) &IF(S14="",""," (ref: "&S14&")"),""))))))))
... E150: =IF(AND(M150="Máquinas e equipamentos",U150="Outros",T150=TRUE),"Sucata de "&V150 &" "&PROPER(W150) &" "&X150 &IF(AF150="",""," "&AF150) &IF(Y150="","",", ano: "&Y150) &IF(AN150="","",", cap.: "&AN150) &IF(Z150="","",", série: "&Z150) &IF(S150="",""," (ref: "&S150&")"), IF(AND(M150="Máquinas e equipamentos",U150="Outros",T150=FALSE),V150 &" "&PROPER(W150) &" "&X150 &IF(AF150="",""," "&AF150) &IF(Y150="","",", ano: "&Y150) &IF(AN150="","",", cap.: "&AN150) &IF(Z150="","",", série: "&Z150) &IF(S150="",""," (ref: "&S150&")"), IF(AND(M150="Máquinas e equipamentos",U150<>"Outros",T150=TRUE),"Sucata de "&U150 &" "&PROPER(W150) &" "&X150 &IF(AF150="",""," "&AF150) &IF(Y150="","",", ano: "&Y150) &IF(AN150="","",", cap.: "&AN150) &IF(Z150="","",", série: "&Z150) &IF(S150="",""," (ref: "&S150&")"), IF(AND(M150="Máquinas e equipamentos",U150<>"Outros",T150=FALSE),U150 &" "&PROPER(W150) &" "&X150 &IF(AF150="",""," "&AF150) &IF(Y150="","",", ano: "&Y150) &IF(AN150="","",", cap.: "&AN150) &IF(Z150="","",", série: "&Z150) &IF(S150="",""," (ref: "&S150&")"), IF(AND(M150="Máquinas pesadas",U150="Outros",T150=TRUE),"Sucata de "& V150 &" "&PROPER(W150) &" "&X150 &IF(AF150="",""," "&AF150) &IF(Y150="","",", ano: "&Y150) &IF(AN150="","",", cap.: "&AN150) &IF(Z150="",", série: não identificado",", série: "&Z150) &IF(S150="",""," (ref: "&S150&")"), IF(AND(M150="Máquinas pesadas",U150="Outros",T150=FALSE), V150 &" "&PROPER(W150) &" "&X150 &IF(AF150="",""," "&AF150) &IF(Y150="","",", ano: "&Y150) &IF(AN150="","",", cap.: "&AN150) &IF(Z150="",", série: não identificado",", série: "&Z150) &IF(S150="",""," (ref: "&S150&")"), IF(AND(M150="Máquinas pesadas",U150<>"Outros",T150=FALSE), U150 &" "&PROPER(W150) &" "&X150 &IF(AF150="",""," "&AF150) &IF(Y150="","",", ano: "&Y150) &IF(AN150="","",", cap.: "&AN150) &IF(Z150="",", série: não identificado",", série: "&Z150) &IF(S150="",""," (ref: "&S150&")"), IF(AND(M150="Máquinas pesadas",U150<>"Outros",T150=TRUE),"Sucata de "& U150 &" "&PROPER(W150) &" "&X150 &IF(AF150="",""," "&AF150) &IF(Y150="","",", ano: "&Y150) &IF(AN150="","",", cap.: "&AN150) &IF(Z150="",", série: não identificado",", série: "&Z150) &IF(S150="",""," (ref: "&S150&")"),""))))))))

Sheet Máq.Equip.
A1: 04.02.2026-LOG SYSTEMS
A2: Nº do lote | B2: Status | C2: Referência Núm (Importação) | D2: ID do projeto | E2: Lote Ref. / Ativo-Frota | F2: Nome do Lote (SEMPRE MAIUSCULA) | G2: Descrição | H2: VI | I2: VMV (Valor Mínimo de Venda) | J2: VER | K2: Incremento | L2: Valor de Referência do Vendedor (Contábil) | M2: Comitente | N2: Municipio | O2: UF | P2: Assessor | Q2: Pendências | R2: Unid. Metrica | S2: Fator Multiplicativo | T2: . Alteração/Adicionado | U2: Descrição HTML | V2: Obs (Uso Cadastro) | W2: Taxas ADM | X2: % Buyers Premium (Uso Cadastro) - LEILÃO | Y2: % Buyers Premium (Uso Cadastro) - VENDA DIRETA | Z2: Atualização 1 | AA2: Atualização 2 | AB2: Atualização 3 | AC2: Atualização 4 | AD2: Atualização 5
A3: 222 | E3: 19461 | F3: 10 CAÇAMBAS PLÁSTICAS DESMONTÁVEIS COM TAMPA MEDINDO 800 X 760 X 500 MM REFORÇADAS | G3: 10 CAÇAMBAS PLÁSTICAS DESMONTÁVEIS COM TAMPA MEDINDO 800 X 760 X 500 MM REFORÇADAS EM CASO DE DÚVIDAS ENTRAR EM CONTATO: duvidasleiloes@gmail.com USADAS, NO ESTADO E SEM GARANTIAS. PODENDO APRESENTAR AVÁRIAS, FALTA DE PEÇAS E COMPONENTES. | H3: 5700 | I3: 8500 | K3: 500 | M3: G5 BUSINESS | N3: SÃO PAULO | O3: SP | R3: 1 | S3: 1 | T3: ADICIONAR
A4: 223 | E4: 19461 | F4: 10 CAÇAMBAS PLÁSTICAS DESMONTÁVEIS COM TAMPA MEDINDO 800 X 760 X 500 MM REFORÇADAS | G4: 10 CAÇAMBAS PLÁSTICAS DESMONTÁVEIS COM TAMPA MEDINDO 800 X 760 X 500 MM REFORÇADAS EM CASO DE DÚVIDAS ENTRAR EM CONTATO: duvidasleiloes@gmail.com USADAS, NO ESTADO E SEM GARANTIAS. PODENDO APRESENTAR AVÁRIAS, FALTA DE PEÇAS E COMPONENTES. | H4: 5700 | I4: 8500 | K4: 500 | M4: G5 BUSINESS | N4: SÃO PAULO | O4: SP | R4: 1 | S4: 1 | T4: ADICIONAR
A5: 224 | E5: 19461 | F5: 10 CAÇAMBAS PLÁSTICAS DESMONTÁVEIS COM TAMPA MEDINDO 800 X 760 X 500 MM REFORÇADAS | G5: 10 CAÇAMBAS PLÁSTICAS DESMONTÁVEIS COM TAMPA MEDINDO 800 X 760 X 500 MM REFORÇADAS EM CASO DE DÚVIDAS ENTRAR EM CONTATO: duvidasleiloes@gmail.com USADAS, NO ESTADO E SEM GARANTIAS. PODENDO APRESENTAR AVÁRIAS, FALTA DE PEÇAS E COMPONENTES. | H5: 5700 | I5: 8500 | K5: 500 | M5: G5 BUSINESS | N5: SÃO PAULO | O5: SP | R5: 1 | S5: 1 | T5: ADICIONAR

Sheet Dec.Mob
E1: ### Decorados, Mobiliários e Outros (Sold)_Memento 1.4 ###
A2: Nº do lote | B2: Status | C2: Referência Núm (Importação) | D2: ID do projeto | E2: Lote Ref. / Ativo-Frota | F2: Descrição Curta (CONCATENADA) | G2: VI | H2: VMV (Valor Mínimo de Venda) | I2: VER | J2: Incremento 1 | K2: Valor até (1) | L2: Incremento 2 | M2: Valor até (2) | N2: Item | O2: Qtd e Nome | P2: Largura (CM) | Q2: Altura (CM) | R2: Comprimento (CM) | S2: Marca | T2: Modelo | U2: Série | V2: Tensão | W2: Capacidade (Valor e Unidade) | X2: Localização | Y2: Nº do Patrimônio | Z2: Condição | AA2: Frases Padrões | AB2: OBS. | AC2: Comitente | AD2: Empreendimento | AE2: Endereço (via geolocalização Memento) | AF2: Município | AG2: UF | AH2: Assessor | AI2: Pendências | AJ2: . Alteração/Adicionado | AK2: Descrição HTML | AL2: Valor de Referência do Vendedor | AM2: Taxas ADM | AN2: % Buyers Premium (Uso Cadastro) - LEILÃO | AO2: % Buyers Premium (Uso Cadastro) - VENDA DIRETA | AP2: Atualização 1 | AQ2: Atualização 2 | AR2: Atualização 3 | AS2: Atualização 4 | AT2: Atualização 5
F3: =O3 &IF(S3="",""," "&S3) &IF(T3="",""," "&T3) &IF(U3="","",", SÉRIE: "&U3) &IF(X3=""," (Ref: "&E3&")",IF(X3<>""," (Ref. / Loc.: "&E3&" / "&X3&")")) -> (Ref: )
F4: =O4 &IF(S4="",""," "&S4) &IF(T4="",""," "&T4) &IF(U4="","",", SÉRIE: "&U4) &IF(X4=""," (Ref: "&E4&")",IF(X4<>""," (Ref. / Loc.: "&E4&" / "&X4&")")) -> (Ref: )
F5: =O5 &IF(S5="",""," "&S5) &IF(T5="",""," "&T5) &IF(U5="","",", SÉRIE: "&U5) &IF(X5=""," (Ref: "&E5&")",IF(X5<>""," (Ref. / Loc.: "&E5&" / "&X5&")")) -> (Ref: )
F6: =O6 &IF(S6="",""," "&S6) &IF(T6="",""," "&T6) &IF(U6="","",", SÉRIE: "&U6) &IF(X6=""," (Ref: "&E6&")",IF(X6<>""," (Ref. / Loc.: "&E6&" / "&X6&")")) -> (Ref: )
F7: =O7 &IF(S7="",""," "&S7) &IF(T7="",""," "&T7) &IF(U7="","",", SÉRIE: "&U7) &IF(X7=""," (Ref: "&E7&")",IF(X7<>""," (Ref. / Loc.: "&E7&" / "&X7&")")) -> (Ref: )
F8: =O8 &IF(S8="",""," "&S8) &IF(T8="",""," "&T8) &IF(U8="","",", SÉRIE: "&U8) &IF(X8=""," (Ref: "&E8&")",IF(X8<>""," (Ref. / Loc.: "&E8&" / "&X8&")")) -> (Ref: )
F9: =O9 &IF(S9="",""," "&S9) &IF(T9="",""," "&T9) &IF(U9="","",", SÉRIE: "&U9) &IF(X9=""," (Ref: "&E9&")",IF(X9<>""," (Ref. / Loc.: "&E9&" / "&X9&")")) -> (Ref: )
F10: =O10 &IF(S10="",""," "&S10) &IF(T10="",""," "&T10) &IF(U10="","",", SÉRIE: "&U10) &IF(X10=""," (Ref: "&E10&")",IF(X10<>""," (Ref. / Loc.: "&E10&" / "&X10&")")) -> (Ref: )
F11: =O11 &IF(S11="",""," "&S11) &IF(T11="",""," "&T11) &IF(U11="","",", SÉRIE: "&U11) &IF(X11=""," (Ref: "&E11&")",IF(X11<>""," (Ref. / Loc.: "&E11&" / "&X11&")")) -> (Ref: )
F12: =O12 &IF(S12="",""," "&S12) &IF(T12="",""," "&T12) &IF(U12="","",", SÉRIE: "&U12) &IF(X12=""," (Ref: "&E12&")",IF(X12<>""," (Ref. / Loc.: "&E12&" / "&X12&")")) -> (Ref: )
F13: =O13 &IF(S13="",""," "&S13) &IF(T13="",""," "&T13) &IF(U13="","",", SÉRIE: "&U13) &IF(X13=""," (Ref: "&E13&")",IF(X13<>""," (Ref. / Loc.: "&E13&" / "&X13&")")) -> (Ref: )
F14: =O14 &IF(S14="",""," "&S14) &IF(T14="",""," "&T14) &IF(U14="","",", SÉRIE: "&U14) &IF(X14=""," (Ref: "&E14&")",IF(X14<>""," (Ref. / Loc.: "&E14&" / "&X14&")")) -> (Ref: )
... F202: =O202 &IF(S202="",""," "&S202) &IF(T202="",""," "&T202) &IF(U202="","",", SÉRIE: "&U202) &IF(X202=""," (Ref: "&E202&")",IF(X202<>""," (Ref. / Loc.: "&E202&" / "&X202&")")) -> (Ref: )
